 Dungeon Crawl Stone Soup version 0.29.0-15-g675c0067aa (webtiles) character file.

Game seed: 16486844603458606156

2915 qw the Cleaver (level 9, 0/20 (82) HPs)
             Began as a Minotaur Berserker on Sept 12, 2022.
             Was a Follower of Trog.
             Shot with an arrow by a centaur (8 damage)
             ... on level 7 of the Dungeon.
             The game lasted 00:32:14 (34185 turns).

qw the Cleaver (Minotaur Berserker)                Turns: 34185, Time: 00:32:15

HP:   0/20 (82)     AC:  9    Str: 31    XL:     9   Next: 50%
MP:   8/8           EV: 10    Int:  4    God:    Trog [*.....]
Gold: 519           SH:  0    Dex: 11    Spells: 8/8 levels left

rFire   . . .      SeeInvis .   Y - +0 war axe (freeze)
rCold   . . .      Faith    .   (no shield)
rNeg    . . .      Spirit   .   d - +0 chain mail
rPois   .          Reflect  .   (helmet restricted)
rElec   .          Harm     .   (no cloak)
rCorr   .          Rampage  .   (no gloves)
Will    .....                   (no boots)
Stlth   ..........              h - amulet of regeneration
HPRegen 0.86/turn               a - +6 ring of strength
MPRegen 0.11/turn               (no ring)

@: extremely drained, bezotted
A: horns 2, retaliatory headbutt
a: Renounce Religion, Berserk


You were on level 7 of the Dungeon.
You worshipped Trog.
Trog was aware of your devotion.
You visited 1 branch of the dungeon, and saw 7 of its levels.

You collected 778 gold pieces.
You spent 259 gold pieces at shops.


Innate Abilities, Weirdness & Mutations

You have a pair of horns on your head.
You reflexively headbutt those who attack you in melee.


   Skills:
 - Level 8.5 Fighting
 - Level 13.0 Axes
 + Level 2.0 Throwing
 - Level 4.3 Armour
 - Level 3.3 Dodging


You had 8 spell levels left.
You didn't know any spells.
Your spell library was empty.

Inventory:

Hand Weapons
 g - a +0 flail
 Y - a +0 war axe of freezing (weapon)
Missiles
 f - 6 boomerangs
 k - 3 javelins (quivered)
Armour
 d - a +0 chain mail (worn)
Jewellery
 a - a +6 ring of strength (left hand)
 h - an amulet of regeneration (around neck)
 n - a +4 ring of protection
Scrolls
 b - a scroll of enchant armour
 c - 11 scrolls of identify
 e - 6 scrolls of teleportation
 o - a scroll of enchant weapon {unknown}
Potions
 i - a potion of curing
 j - a potion of mutation {unknown}
 l - a potion of cancellation {unknown}
 m - a potion of might

Dungeon Overview and Level Annotations

Branches:
Dungeon (7/15) Zot: 979    Temple (0/1) D:5

Altars:
Uskayaw

Shops:
D:1 (*:([   D:4 ?

Annotations:
D:4 3 runed translucent doors, qw's ghost, amateur GrDe


Message History

The arrow closely misses you.
34128 ||| FLEEEEING.
Really rest while Zot is near?
Really rest while Zot is near?
Really rest while Zot is near?
Really rest while Zot is near?
Really rest while Zot is near?
The centaur shoots an arrow.
The arrow hits you.
The centaur shoots an arrow.
The arrow hits you!
34135 ||| FLEEEEING.
Really rest while Zot is near?
Really rest while Zot is near?
Really rest while Zot is near?
Really rest while Zot is near?
Really rest while Zot is near?
Really rest while Zot is near?
The centaur shouts!
The centaur shoots an arrow.
The arrow barely misses you.
The centaur shoots an arrow.
The arrow hits you.
The centaur shoots an arrow.
The arrow barely misses you.
The centaur shoots an arrow.
The arrow completely misses you.
The centaur shoots an arrow.
The arrow hits you.
The centaur shoots an arrow.
The arrow hits you.
The centaur shoots an arrow.
The arrow hits you!
The centaur shoots an arrow.
The arrow closely misses you.
The centaur shoots an arrow.
The arrow hits you!
34163 ||| FLEEEEING.
Zot's power touches on you...
You feel drained.
You have lingered too long.
Zot senses you.
Dive deeper or flee this branch before you suffer!
The centaur shoots an arrow.
The arrow hits you!
34166 ||| FLEEEEING.
Really rest while Zot is near?
The centaur shouts!
The centaur shoots an arrow.
The arrow hits you.
The centaur shoots an arrow.
The arrow barely misses you.
The centaur shoots an arrow.
The arrow completely misses you.
The centaur shoots an arrow.
The arrow barely misses you.
The centaur shoots an arrow.
The arrow hits you!
The centaur shoots an arrow.
The arrow closely misses you.
The centaur shoots an arrow.
The arrow barely misses you.
The centaur shoots an arrow.
The arrow hits you!
You die...

......###.###.#.#..##.#####....##
....###...........(##........(.<.
#)#.###...#######..###########.##
#.#.......#### #..# #...
#.......(....# #..# ####
##...........# #..# #...........#
#..# #...##...)>.####..########
#...##.........@.....?...#
#<..##))..........~~~~##..
#...##.##.#.#####~~~~~~~~.######
#............~~~~~~~~~~~~~~~....
##.#.#####.~~~~~~~~~~~~~~~~~~~~~#
........##~~~~~~~~~~~~~c.~~~~~~~~
##.#......~~~~~~~~~~~ccc...~~~~~~
##........~~~~~~~~~~cc......~~~~~
..........~~~~~~~~~~..#'# .c~~~~~


You could see 6 centaurs.

Vanquished Creatures
  Pikel (D:6)
  Grinder (D:3)
  An orc warrior (D:6)
  2 sky beasts (D:7)
  An ogre (D:7)
  4 ice beasts
  3 lemures (D:6)
  2 phantoms
  3 bullfrogs
  A gnoll sergeant (D:6)
  4 scorpions
  2 howler monkeys (D:6)
  3 hounds (D:5)
  A jelly (D:6)
  4 orc priests
  Jessica (D:3)
  Ijyb (D:3)
  An iguana (D:6)
  7 orc wizards
  9 adders
  8 gnolls
  A river rat (D:3)
  A white imp (D:7)
  2 worms (D:3)
  6 dart slugs
  29 orcs
  11 ball pythons
  6 bats
  5 endoplasms
  5 giant cockroaches
  10 goblins
  7 hobgoblins
  5 jackals
  3 quokkas
  5 frilled lizards
  9 kobolds
  6 rats
171 creatures vanquished.

Vanquished Creatures (others)
  A fungus (D:3)
  5 toadstools (D:3)
6 creatures vanquished.

Grand Total: 177 creatures vanquished

Notes
Turn   | Place    | Note
-------+----------+-------------------------------------------
     0 | D:1      | qw the Minotaur Berserker began the quest for the Orb.
     0 | D:1      | Reached XP level 1. HP: 19/19 MP: 0/0
     0 | D:1      | 0 ||| qw: Version: 0.1-a-119-g272c26d
     0 | D:1      | 0 ||| qw: Game counter: 10789
     0 | D:1      | 0 ||| qw: Always use a shield: true
     0 | D:1      | 0 ||| qw: Do Orc after D:15 true
     0 | D:1      | 0 ||| qw: Do second Lair branch before Depths: true
     0 | D:1      | 0 ||| qw: Lair rune preference: random
     0 | D:1      | 0 ||| qw: Plans: Normal
     0 | D:1      | 0 ||| PLANNING D:1-11
    49 | D:1      | Found a faded altar of an unknown god.
    65 | D:1      | Reached skill level 4 in Axes
    70 | D:1      | Reached XP level 2. HP: 15/26 MP: 1/1
   295 | D:1      | Found Xynaalar's Book Shop.
   300 | D:1      | Found Uwapyon's General Store.
   304 | D:1      | 304 ||| SHOPLISTING +0 club (13 gold, have 0).
   304 | D:1      | 304 ||| SHOPLISTING +3 leather armour of willpower (312
                  | gold, have 0).
   304 | D:1      | 304 ||| SHOPLISTING scroll of teleportation (39 gold, have
                  | 0).
   312 | D:1      | 312 ||| Stepping ~*~*~tactically~*~*~ (stealth).
   314 | D:1      | 314 ||| Stepping ~*~*~tactically~*~*~ (stealth).
   380 | D:1      | 380 ||| Stepping ~*~*~tactically~*~*~ (stealth).
   382 | D:1      | 382 ||| Stepping ~*~*~tactically~*~*~ (stealth).
   384 | D:1      | 384 ||| Stepping ~*~*~tactically~*~*~ (stealth).
   520 | D:1      | 520 ||| Stepping ~*~*~tactically~*~*~ (hiding).
   623 | D:1      | 623 ||| Stepping ~*~*~tactically~*~*~ (hiding).
   814 | D:1      | 814 ||| Stepping ~*~*~tactically~*~*~ (hiding).
   921 | D:1      | Reached skill level 5 in Axes
  1026 | D:1      | Found Boabuska's Antique Armour Emporium.
  1033 | D:1      | 1033 ||| SHOPLISTING +3 salamander hide armour {Flames rF++
                  | rC--} (586 gold, have 10).
  1033 | D:1      | 1033 ||| SHOPLISTING glowing chain mail (127 gold, have
                  | 10).
  1033 | D:1      | 1033 ||| SHOPLISTING leather armour (34 gold, have 10).
  1033 | D:1      | 1033 ||| SHOPLISTING pair of boots (76 gold, have 10).
  1033 | D:1      | 1033 ||| SHOPLISTING plate armour (391 gold, have 10).
  1033 | D:1      | 1033 ||| SHOPLISTING ring mail (68 gold, have 10).
  1033 | D:1      | 1033 ||| SHOPLISTING runed scale mail (119 gold, have 10).
  1033 | D:1      | 1033 ||| SHOPLISTING scale mail (68 gold, have 10).
  1033 | D:1      | 1033 ||| SHOPLISTING translucent ring mail (153 gold, have
                  | 10).
  1083 | D:1      | Reached XP level 3. HP: 31/31 MP: 2/2
  1388 | D:1      | Found Cask's Weapon Emporium.
  1392 | D:1      | 1392 ||| SHOPLISTING +0 war axe (38 gold, have 10).
  1482 | D:1      | Found Pyzocy's Antique Weapon Shop.
  1488 | D:1      | 1488 ||| SWAPPING to +0 war axe.
  1489 | D:1      | 1489 ||| DROPPING +0 hand axe.
  1601 | D:1      | 1601 ||| UPGRADING to amulet of regeneration.
  1606 | D:1      | 1606 ||| DROPPING ring of flight.
  1607 | D:1      | 1607 ||| READING scroll labelled ROKKOLUSIYH.
  1608 | D:1      | 1608 ||| Stepping randomly (stuck).
  1609 | D:1      | 1609 ||| Stepping ~*~*~tactically~*~*~ (cloud).
  1612 | D:1      | HP: 7/31 [poisoned by you (poison gas)]
  1617 | D:1      | HP: 4/31 [poisoned by you (poison gas)]
  1755 | D:2      | 1755 ||| Stepping ~*~*~tactically~*~*~ (stealth).
  1765 | D:2      | 1765 ||| Stepping ~*~*~tactically~*~*~ (stealth).
  1817 | D:2      | Reached ** piety under Trog
  2118 | D:2      | 2118 ||| UPGRADING to +0 ring mail.
  2128 | D:2      | 2128 ||| DROPPING +0 animal skin.
  2129 | D:2      | 2129 ||| UPGRADING to +6 ring of strength.
  2130 | D:2      | 2130 ||| READING 2 scrolls labelled AREETWUMIE.
  2131 | D:2      | 2131 ||| READING 2 scrolls labelled KYERATH SOKE.
  2132 | D:2      | 2132 ||| READING scroll labelled LAINTI OTZIO.
  2133 | D:2      | 2133 ||| DRINKING 2 blue potions.
  2234 | D:2      | 2234 ||| DRINKING 2 golden potions.
  2235 | D:2      | 2235 ||| DROPPING scroll of noise.
  2236 | D:2      | 2236 ||| DROPPING potion of ambrosia.
  2237 | D:2      | 2237 ||| DROPPING potion of brilliance.
  2261 | D:3      | 2261 ||| PLANNING SEWER
  2277 | D:3      | 2277 ||| INVOKING Berserk.
  2281 | D:3      | Reached skill level 6 in Axes
  2281 | D:3      | Reached XP level 4. HP: 39/39 MP: 3/3
  2407 | D:3      | Noticed an ice beast
  2410 | D:3      | 2410 ||| INVOKING Berserk.
  2413 | D:3      | Killed an ice beast
  2414 | D:3      | Reached skill level 7 in Axes
  2414 | D:3      | Reached XP level 5. HP: 45/45 MP: 4/4
  2422 | D:3      | 2422 ||| STAIRDANCE
  2524 | D:2      | 2524 ||| READING scroll labelled OKYFACVULA.
  2531 | D:3      | 2531 ||| DROPPING +0 whip.
  2689 | D:3      | Noticed Jessica
  2692 | D:3      | Killed Jessica
  2815 | D:3      | Identified the +1 robe of Activism {Rampage *Corrode rF+
                  | rC+++ Archmagi}
  2825 | D:3      | Noticed Grinder
  2826 | D:3      | 2826 ||| INVOKING Trog's Hand.
  2831 | D:3      | 2831 ||| INVOKING Berserk.
  2834 | D:3      | Killed Grinder
  2835 | D:3      | Reached skill level 8 in Axes
  2835 | D:3      | Reached XP level 6. HP: 53/53 MP: 5/5
  2884 | D:3      | 2884 ||| RIP SEWER
  2941 | D:3      | 2941 ||| PLANNING D:1-11
  2964 | D:3      | 2964 ||| Stepping ~*~*~tactically~*~*~ (stealth).
  3030 | D:3      | Noticed Ijyb
  3031 | D:3      | 3031 ||| INVOKING Berserk.
  3035 | D:3      | Killed Ijyb
  3188 | D:3      | 3188 ||| Stepping ~*~*~tactically~*~*~ (stealth).
  3190 | D:3      | 3190 ||| Stepping ~*~*~tactically~*~*~ (stealth).
  3192 | D:3      | 3192 ||| Stepping ~*~*~tactically~*~*~ (stealth).
  3194 | D:3      | 3194 ||| Stepping ~*~*~tactically~*~*~ (stealth).
  3196 | D:3      | 3196 ||| Stepping ~*~*~tactically~*~*~ (stealth).
  3198 | D:3      | 3198 ||| Stepping ~*~*~tactically~*~*~ (stealth).
  3200 | D:3      | 3200 ||| Stepping ~*~*~tactically~*~*~ (stealth).
  3202 | D:3      | 3202 ||| Stepping ~*~*~tactically~*~*~ (stealth).
  3259 | D:3      | Reached skill level 9 in Axes
  3340 | D:3      | 3340 ||| Stepping ~*~*~tactically~*~*~ (stealth).
  3344 | D:3      | 3344 ||| Stepping ~*~*~tactically~*~*~ (stealth).
  3363 | D:3      | 3363 ||| Stepping ~*~*~tactically~*~*~ (hiding).
  3364 | D:3      | 3364 ||| INVOKING Berserk.
  3547 | D:3      | 3547 ||| UPGRADING to +0 scale mail.
  3557 | D:3      | 3557 ||| DROPPING +0 ring mail.
  3558 | D:3      | 3558 ||| READING 4 scrolls labelled WARUGEU SUGUW.
  3563 | D:3      | 3563 ||| READING 3 scrolls of identify.
  3563 | D:3      | 3563 ||| IDENTIFYING sapphire potion
  3564 | D:3      | 3564 ||| READING 2 scrolls of identify.
  3564 | D:3      | 3564 ||| IDENTIFYING red potion
  3565 | D:3      | 3565 ||| DROPPING potion of magic.
  3596 | D:4      | Found Xeshaewu's Magic Scroll Emporium.
  3615 | D:4      | Reached XP level 7. HP: 61/61 MP: 6/6
  3655 | D:4      | Noticed qw's ghost (amateur GrDe)
  3657 | D:4      | Found a runed translucent gate.
  3658 | D:4      | Found a runed translucent gate.
  3659 | D:4      | Found a runed translucent gate.
  3661 | D:4      | 3661 ||| READING 3 scrolls of teleportation.
  3839 | D:4      | Reached *** piety under Trog
  4006 | D:4      | 4006 ||| Stepping ~*~*~tactically~*~*~ (stealth).
  4007 | D:4      | 4007 ||| Stepping ~*~*~tactically~*~*~ (stealth).
  4008 | D:4      | 4008 ||| Stepping ~*~*~tactically~*~*~ (stealth).
  4009 | D:4      | 4009 ||| Stepping ~*~*~tactically~*~*~ (stealth).
  4010 | D:4      | 4010 ||| Stepping ~*~*~tactically~*~*~ (stealth).
  4011 | D:4      | 4011 ||| Stepping ~*~*~tactically~*~*~ (stealth).
  4012 | D:4      | 4012 ||| Stepping ~*~*~tactically~*~*~ (stealth).
  4016 | D:4      | 4016 ||| INVOKING Berserk.
  4443 | D:4      | 4443 ||| DRINKING 2 silvery potions.
  4444 | D:4      | 4444 ||| READING 2 scrolls of identify.
  4444 | D:4      | 4444 ||| IDENTIFYING white potion
  4445 | D:4      | 4445 ||| DROPPING potion of attraction.
  4458 | D:5      | Entered Level 5 of the Dungeon
  4479 | D:5      | 4479 ||| INVOKING Berserk.
  4481 | D:5      | Reached skill level 10 in Axes
  4618 | D:5      | Reached skill level 6 in Fighting
  4627 | D:5      | 4627 ||| DRINKING potion of curing.
  4627 | D:5      | 4627 ||| (to cure confusion)
  4683 | D:5      | Reached XP level 8. HP: 70/70 MP: 7/7
  4719 | D:5      | 4719 ||| Stepping ~*~*~tactically~*~*~ (stealth).
  4720 | D:5      | 4720 ||| Stepping ~*~*~tactically~*~*~ (stealth).
  4721 | D:5      | 4721 ||| Stepping ~*~*~tactically~*~*~ (stealth).
  4722 | D:5      | 4722 ||| Stepping ~*~*~tactically~*~*~ (stealth).
  4723 | D:5      | 4723 ||| Stepping ~*~*~tactically~*~*~ (stealth).
  4725 | D:5      | 4725 ||| Stepping ~*~*~tactically~*~*~ (stealth).
  4732 | D:5      | 4732 ||| FLEEEEING.
  4753 | D:5      | 4753 ||| Stepping ~*~*~tactically~*~*~ (hiding).
  4754 | D:5      | 4754 ||| Stepping ~*~*~tactically~*~*~ (hiding).
  4756 | D:5      | 4756 ||| Stepping ~*~*~tactically~*~*~ (hiding).
  4759 | D:5      | 4759 ||| INVOKING Berserk.
  4965 | D:5      | Found a staircase to the Ecumenical Temple.
  5213 | D:5      | 5213 ||| UPGRADING to +0 chain mail.
  5223 | D:5      | 5223 ||| DROPPING +0 scale mail.
  5224 | D:5      | 5224 ||| DROPPING +1 robe of Activism {Rampage *Corrode rF+
                  | rC+++ Archmagi}.
  5225 | D:5      | 5225 ||| READING scroll labelled VUIDIWA MYSESM.
  5226 | D:5      | 5226 ||| READING 3 scrolls of identify.
  5226 | D:5      | 5226 ||| IDENTIFYING fuming amethyst potion
  5227 | D:5      | 5227 ||| DROPPING potion of flight.
  5323 | D:4      | 5323 ||| SHOPLISTING scroll of acquirement (728 gold, have
                  | 690).
  5323 | D:4      | 5323 ||| BUYING scroll of enchant armour (105 gold).
  5323 | D:4      | Bought a scroll of enchant armour for 105 gold pieces
  5323 | D:4      | 5323 ||| BUYING scroll of identify (28 gold).
  5323 | D:4      | Bought a scroll of identify for 28 gold pieces
  5323 | D:4      | 5323 ||| BUYING scroll of identify (28 gold).
  5323 | D:4      | Bought a scroll of identify for 28 gold pieces
  5323 | D:4      | 5323 ||| BUYING scroll of identify (28 gold).
  5323 | D:4      | Bought a scroll of identify for 28 gold pieces
  5323 | D:4      | 5323 ||| BUYING scroll of identify (28 gold).
  5323 | D:4      | Bought a scroll of identify for 28 gold pieces
  5323 | D:4      | 5323 ||| BUYING scroll of teleportation (42 gold).
  5323 | D:4      | Bought a scroll of teleportation for 42 gold pieces
  5346 | D:6      | 5346 ||| INVOKING Berserk.
  5350 | D:6      | Reached skill level 3 in Armour
  5352 | D:6      | Reached skill level 11 in Axes
  5354 | D:6      | Reached **** piety under Trog
  5621 | D:6      | Reached skill level 1 in Throwing
  5736 | D:6      | 5736 ||| Stepping ~*~*~tactically~*~*~ (stealth).
  5741 | D:6      | Noticed Pikel
  5750 | D:6      | 5750 ||| INVOKING Berserk.
  5753 | D:6      | Reached skill level 12 in Axes
  5759 | D:6      | Killed Pikel
  5760 | D:6      | Reached XP level 9. HP: 82/82 MP: 8/8
  5781 | D:6      | 5781 ||| Stepping ~*~*~tactically~*~*~ (stealth).
  5782 | D:6      | 5782 ||| Stepping ~*~*~tactically~*~*~ (stealth).
  5836 | D:6      | 5836 ||| Stepping ~*~*~tactically~*~*~ (stealth).
  5843 | D:6      | 5843 ||| INVOKING Berserk.
  5846 | D:6      | HP: 29/123 [orc warrior/+0 battleaxe (17)]
  5851 | D:6      | HP: 26/123 [poisoned by an orc]
  5857 | D:6      | HP: 17/82 [poisoned by an orc]
  6090 | D:6      | 6090 ||| Stepping ~*~*~tactically~*~*~ (hiding).
  6162 | D:6      | 6162 ||| READING scroll labelled DIELEPL YROES.
  6163 | D:6      | 6163 ||| READING scroll labelled HABREA HARAR.
  6164 | D:6      | 6164 ||| READING scroll labelled ZUSKY RIPTI.
  6165 | D:6      | 6165 ||| READING scroll labelled LOETAT DEMIUL.
  6184 | D:7      | 6184 ||| Stepping ~*~*~tactically~*~*~ (stealth).
  6185 | D:7      | 6185 ||| Stepping ~*~*~tactically~*~*~ (stealth).
  6186 | D:7      | 6186 ||| Stepping ~*~*~tactically~*~*~ (stealth).
  6226 | D:7      | Found a hide-covered altar of Uskayaw.
  6374 | D:7      | 6374 ||| FLEEEEING.
  6375 | D:7      | 6375 ||| FLEEEEING.
  6376 | D:7      | 6376 ||| FLEEEEING.
  6517 | D:7      | Reached skill level 13 in Axes
  6655 | D:7      | 6655 ||| INVOKING Berserk.
  6657 | D:7      | Reached skill level 3 in Dodging
  6819 | D:7      | 6819 ||| FLEEEEING.
  6820 | D:7      | 6820 ||| FLEEEEING.
  6821 | D:7      | 6821 ||| FLEEEEING.
  6822 | D:7      | 6822 ||| FLEEEEING.
  6878 | D:7      | 6878 ||| FLEEEEING.
  6892 | D:7      | 6892 ||| FLEEEEING.
  6893 | D:7      | 6893 ||| FLEEEEING.
  6929 | D:7      | 6929 ||| FLEEEEING.
  6953 | D:7      | 6953 ||| FLEEEEING.
  6975 | D:7      | 6975 ||| FLEEEEING.
  7001 | D:7      | 7001 ||| FLEEEEING.
  7038 | D:7      | 7038 ||| FLEEEEING.
  7051 | D:7      | 7051 ||| FLEEEEING.
  7063 | D:7      | 7063 ||| FLEEEEING.
  7086 | D:7      | 7086 ||| FLEEEEING.
  7107 | D:7      | 7107 ||| FLEEEEING.
  7134 | D:7      | 7134 ||| FLEEEEING.
  7135 | D:7      | 7135 ||| FLEEEEING.
  7172 | D:7      | 7172 ||| FLEEEEING.
  7199 | D:7      | 7199 ||| FLEEEEING.
  7234 | D:7      | 7234 ||| FLEEEEING.
  7244 | D:7      | 7244 ||| FLEEEEING.
  7270 | D:7      | 7270 ||| FLEEEEING.
  7283 | D:7      | 7283 ||| FLEEEEING.
  7306 | D:7      | 7306 ||| FLEEEEING.
  7345 | D:7      | 7345 ||| FLEEEEING.
  7383 | D:7      | 7383 ||| FLEEEEING.
  7401 | D:7      | 7401 ||| FLEEEEING.
  7424 | D:7      | 7424 ||| FLEEEEING.
  7445 | D:7      | 7445 ||| FLEEEEING.
  7460 | D:7      | 7460 ||| FLEEEEING.
  7473 | D:7      | 7473 ||| FLEEEEING.
  7486 | D:7      | 7486 ||| FLEEEEING.
  7521 | D:7      | 7521 ||| FLEEEEING.
  7548 | D:7      | 7548 ||| FLEEEEING.
  7594 | D:7      | 7594 ||| FLEEEEING.
  7608 | D:7      | 7608 ||| FLEEEEING.
  7609 | D:7      | 7609 ||| FLEEEEING.
  7632 | D:7      | 7632 ||| FLEEEEING.
  7650 | D:7      | 7650 ||| FLEEEEING.
  7651 | D:7      | 7651 ||| FLEEEEING.
  7676 | D:7      | 7676 ||| FLEEEEING.
  7699 | D:7      | 7699 ||| Stepping ~*~*~tactically~*~*~ (stealth).
  7702 | D:7      | 7702 ||| FLEEEEING.
  7728 | D:7      | 7728 ||| FLEEEEING.
  7744 | D:7      | 7744 ||| FLEEEEING.
  7754 | D:7      | 7754 ||| FLEEEEING.
  7771 | D:7      | 7771 ||| FLEEEEING.
  7786 | D:7      | 7786 ||| FLEEEEING.
  7823 | D:7      | 7823 ||| FLEEEEING.
  7842 | D:7      | 7842 ||| FLEEEEING.
  7852 | D:7      | 7852 ||| FLEEEEING.
  7864 | D:7      | 7864 ||| FLEEEEING.
  7888 | D:7      | 7888 ||| FLEEEEING.
  7906 | D:7      | 7906 ||| FLEEEEING.
  7935 | D:7      | 7935 ||| FLEEEEING.
  7956 | D:7      | 7956 ||| FLEEEEING.
  7998 | D:7      | 7998 ||| FLEEEEING.
  8016 | D:7      | 8016 ||| FLEEEEING.
  8041 | D:7      | 8041 ||| FLEEEEING.
  8053 | D:7      | 8053 ||| FLEEEEING.
  8069 | D:7      | 8069 ||| FLEEEEING.
  8106 | D:7      | 8106 ||| FLEEEEING.
  8137 | D:7      | 8137 ||| FLEEEEING.
  8180 | D:7      | 8180 ||| FLEEEEING.
  8200 | D:7      | 8200 ||| FLEEEEING.
  8214 | D:7      | 8214 ||| FLEEEEING.
  8250 | D:7      | 8250 ||| FLEEEEING.
  8291 | D:7      | 8291 ||| FLEEEEING.
  8308 | D:7      | 8308 ||| FLEEEEING.
  8323 | D:7      | 8323 ||| FLEEEEING.
  8345 | D:7      | 8345 ||| FLEEEEING.
  8366 | D:7      | 8366 ||| FLEEEEING.
  8376 | D:7      | 8376 ||| FLEEEEING.
  8422 | D:7      | 8422 ||| FLEEEEING.
  8460 | D:7      | 8460 ||| FLEEEEING.
  8484 | D:7      | 8484 ||| FLEEEEING.
  8498 | D:7      | 8498 ||| FLEEEEING.
  8540 | D:7      | 8540 ||| FLEEEEING.
  8570 | D:7      | 8570 ||| FLEEEEING.
  8599 | D:7      | 8599 ||| FLEEEEING.
  8625 | D:7      | 8625 ||| FLEEEEING.
  8666 | D:7      | 8666 ||| FLEEEEING.
  8676 | D:7      | 8676 ||| FLEEEEING.
  8686 | D:7      | 8686 ||| FLEEEEING.
  8714 | D:7      | 8714 ||| FLEEEEING.
  8741 | D:7      | 8741 ||| FLEEEEING.
  8762 | D:7      | 8762 ||| FLEEEEING.
  8778 | D:7      | 8778 ||| FLEEEEING.
  8793 | D:7      | 8793 ||| FLEEEEING.
  8805 | D:7      | 8805 ||| FLEEEEING.
  8818 | D:7      | 8818 ||| Stepping ~*~*~tactically~*~*~ (stealth).
  8821 | D:7      | 8821 ||| FLEEEEING.
  8857 | D:7      | 8857 ||| FLEEEEING.
  8890 | D:7      | 8890 ||| FLEEEEING.
  8923 | D:7      | 8923 ||| FLEEEEING.
  8934 | D:7      | 8934 ||| FLEEEEING.
  8970 | D:7      | 8970 ||| FLEEEEING.
  8983 | D:7      | 8983 ||| FLEEEEING.
  8994 | D:7      | 8994 ||| FLEEEEING.
  9008 | D:7      | 9008 ||| FLEEEEING.
  9022 | D:7      | 9022 ||| FLEEEEING.
  9032 | D:7      | 9032 ||| FLEEEEING.
  9051 | D:7      | 9051 ||| FLEEEEING.
  9086 | D:7      | 9086 ||| FLEEEEING.
  9101 | D:7      | 9101 ||| FLEEEEING.
  9114 | D:7      | 9114 ||| FLEEEEING.
  9149 | D:7      | 9149 ||| FLEEEEING.
  9176 | D:7      | 9176 ||| FLEEEEING.
  9192 | D:7      | 9192 ||| FLEEEEING.
  9215 | D:7      | 9215 ||| FLEEEEING.
  9238 | D:7      | 9238 ||| FLEEEEING.
  9274 | D:7      | 9274 ||| FLEEEEING.
  9293 | D:7      | 9293 ||| FLEEEEING.
  9311 | D:7      | 9311 ||| FLEEEEING.
  9324 | D:7      | 9324 ||| FLEEEEING.
  9349 | D:7      | 9349 ||| FLEEEEING.
  9364 | D:7      | 9364 ||| FLEEEEING.
  9399 | D:7      | 9399 ||| FLEEEEING.
  9428 | D:7      | 9428 ||| FLEEEEING.
  9429 | D:7      | 9429 ||| FLEEEEING.
  9476 | D:7      | 9476 ||| FLEEEEING.
  9490 | D:7      | 9490 ||| FLEEEEING.
  9512 | D:7      | 9512 ||| FLEEEEING.
  9539 | D:7      | 9539 ||| FLEEEEING.
  9550 | D:7      | 9550 ||| FLEEEEING.
  9584 | D:7      | 9584 ||| FLEEEEING.
  9610 | D:7      | 9610 ||| FLEEEEING.
  9634 | D:7      | 9634 ||| FLEEEEING.
  9648 | D:7      | 9648 ||| FLEEEEING.
  9662 | D:7      | 9662 ||| FLEEEEING.
  9695 | D:7      | 9695 ||| FLEEEEING.
  9720 | D:7      | 9720 ||| FLEEEEING.
  9743 | D:7      | 9743 ||| FLEEEEING.
  9753 | D:7      | 9753 ||| Stepping ~*~*~tactically~*~*~ (stealth).
  9762 | D:7      | 9762 ||| FLEEEEING.
  9814 | D:7      | 9814 ||| FLEEEEING.
  9832 | D:7      | 9832 ||| FLEEEEING.
  9843 | D:7      | 9843 ||| FLEEEEING.
  9863 | D:7      | 9863 ||| FLEEEEING.
  9873 | D:7      | 9873 ||| FLEEEEING.
  9893 | D:7      | 9893 ||| FLEEEEING.
  9915 | D:7      | 9915 ||| FLEEEEING.
  9927 | D:7      | 9927 ||| FLEEEEING.
  9941 | D:7      | 9941 ||| FLEEEEING.
  9957 | D:7      | 9957 ||| FLEEEEING.
  9988 | D:7      | 9988 ||| FLEEEEING.
 10005 | D:7      | 10005 ||| FLEEEEING.
 10047 | D:7      | 10047 ||| FLEEEEING.
 10068 | D:7      | 10068 ||| FLEEEEING.
 10100 | D:7      | 10100 ||| FLEEEEING.
 10101 | D:7      | 10101 ||| FLEEEEING.
 10129 | D:7      | 10129 ||| FLEEEEING.
 10166 | D:7      | 10166 ||| FLEEEEING.
 10181 | D:7      | 10181 ||| FLEEEEING.
 10203 | D:7      | 10203 ||| FLEEEEING.
 10221 | D:7      | 10221 ||| FLEEEEING.
 10243 | D:7      | 10243 ||| FLEEEEING.
 10270 | D:7      | 10270 ||| FLEEEEING.
 10285 | D:7      | 10285 ||| FLEEEEING.
 10314 | D:7      | 10314 ||| FLEEEEING.
 10324 | D:7      | 10324 ||| FLEEEEING.
 10340 | D:7      | 10340 ||| FLEEEEING.
 10382 | D:7      | 10382 ||| FLEEEEING.
 10411 | D:7      | 10411 ||| FLEEEEING.
 10425 | D:7      | 10425 ||| FLEEEEING.
 10438 | D:7      | 10438 ||| Stepping ~*~*~tactically~*~*~ (stealth).
 10441 | D:7      | 10441 ||| FLEEEEING.
 10470 | D:7      | 10470 ||| FLEEEEING.
 10500 | D:7      | 10500 ||| FLEEEEING.
 10533 | D:7      | 10533 ||| FLEEEEING.
 10547 | D:7      | 10547 ||| FLEEEEING.
 10584 | D:7      | 10584 ||| FLEEEEING.
 10601 | D:7      | 10601 ||| FLEEEEING.
 10611 | D:7      | 10611 ||| FLEEEEING.
 10638 | D:7      | 10638 ||| FLEEEEING.
 10658 | D:7      | 10658 ||| FLEEEEING.
 10675 | D:7      | 10675 ||| FLEEEEING.
 10707 | D:7      | 10707 ||| FLEEEEING.
 10728 | D:7      | 10728 ||| FLEEEEING.
 10756 | D:7      | 10756 ||| FLEEEEING.
 10800 | D:7      | 10800 ||| FLEEEEING.
 10816 | D:7      | 10816 ||| FLEEEEING.
 10845 | D:7      | 10845 ||| FLEEEEING.
 10875 | D:7      | 10875 ||| FLEEEEING.
 10886 | D:7      | 10886 ||| FLEEEEING.
 10930 | D:7      | 10930 ||| FLEEEEING.
 10944 | D:7      | 10944 ||| FLEEEEING.
 10986 | D:7      | 10986 ||| FLEEEEING.
 10996 | D:7      | 10996 ||| FLEEEEING.
 11028 | D:7      | 11028 ||| FLEEEEING.
 11064 | D:7      | 11064 ||| FLEEEEING.
 11084 | D:7      | 11084 ||| FLEEEEING.
 11085 | D:7      | 11085 ||| FLEEEEING.
 11115 | D:7      | 11115 ||| Stepping ~*~*~tactically~*~*~ (stealth).
 11117 | D:7      | 11117 ||| FLEEEEING.
 11141 | D:7      | 11141 ||| FLEEEEING.
 11151 | D:7      | 11151 ||| Stepping ~*~*~tactically~*~*~ (stealth).
 11153 | D:7      | 11153 ||| FLEEEEING.
 11172 | D:7      | 11172 ||| FLEEEEING.
 11223 | D:7      | 11223 ||| FLEEEEING.
 11262 | D:7      | 11262 ||| FLEEEEING.
 11274 | D:7      | 11274 ||| FLEEEEING.
 11300 | D:7      | 11300 ||| FLEEEEING.
 11349 | D:7      | 11349 ||| FLEEEEING.
 11390 | D:7      | 11390 ||| FLEEEEING.
 11410 | D:7      | 11410 ||| FLEEEEING.
 11442 | D:7      | 11442 ||| Stepping ~*~*~tactically~*~*~ (stealth).
 11443 | D:7      | 11443 ||| Stepping ~*~*~tactically~*~*~ (stealth).
 11445 | D:7      | 11445 ||| FLEEEEING.
 11478 | D:7      | 11478 ||| FLEEEEING.
 11495 | D:7      | 11495 ||| FLEEEEING.
 11520 | D:7      | 11520 ||| FLEEEEING.
 11539 | D:7      | 11539 ||| Stepping ~*~*~tactically~*~*~ (stealth).
 11547 | D:7      | 11547 ||| FLEEEEING.
 11580 | D:7      | 11580 ||| FLEEEEING.
 11591 | D:7      | 11591 ||| FLEEEEING.
 11604 | D:7      | 11604 ||| FLEEEEING.
 11632 | D:7      | 11632 ||| FLEEEEING.
 11664 | D:7      | 11664 ||| FLEEEEING.
 11678 | D:7      | 11678 ||| FLEEEEING.
 11717 | D:7      | 11717 ||| FLEEEEING.
 11735 | D:7      | 11735 ||| FLEEEEING.
 11756 | D:7      | 11756 ||| FLEEEEING.
 11757 | D:7      | 11757 ||| FLEEEEING.
 11780 | D:7      | 11780 ||| FLEEEEING.
 11798 | D:7      | 11798 ||| FLEEEEING.
 11812 | D:7      | 11812 ||| FLEEEEING.
 11813 | D:7      | 11813 ||| FLEEEEING.
 11840 | D:7      | 11840 ||| FLEEEEING.
 11854 | D:7      | 11854 ||| FLEEEEING.
 11867 | D:7      | 11867 ||| FLEEEEING.
 11880 | D:7      | 11880 ||| FLEEEEING.
 11902 | D:7      | 11902 ||| FLEEEEING.
 11923 | D:7      | 11923 ||| FLEEEEING.
 11938 | D:7      | 11938 ||| FLEEEEING.
 11939 | D:7      | 11939 ||| FLEEEEING.
 11970 | D:7      | 11970 ||| FLEEEEING.
 11997 | D:7      | 11997 ||| FLEEEEING.
 12013 | D:7      | 12013 ||| FLEEEEING.
 12026 | D:7      | 12026 ||| FLEEEEING.
 12065 | D:7      | 12065 ||| FLEEEEING.
 12078 | D:7      | 12078 ||| FLEEEEING.
 12092 | D:7      | 12092 ||| FLEEEEING.
 12109 | D:7      | 12109 ||| FLEEEEING.
 12124 | D:7      | 12124 ||| FLEEEEING.
 12153 | D:7      | 12153 ||| FLEEEEING.
 12198 | D:7      | 12198 ||| FLEEEEING.
 12209 | D:7      | 12209 ||| FLEEEEING.
 12226 | D:7      | 12226 ||| FLEEEEING.
 12227 | D:7      | 12227 ||| FLEEEEING.
 12266 | D:7      | 12266 ||| FLEEEEING.
 12276 | D:7      | 12276 ||| FLEEEEING.
 12287 | D:7      | 12287 ||| FLEEEEING.
 12309 | D:7      | 12309 ||| FLEEEEING.
 12332 | D:7      | 12332 ||| FLEEEEING.
 12344 | D:7      | 12344 ||| FLEEEEING.
 12368 | D:7      | 12368 ||| FLEEEEING.
 12392 | D:7      | 12392 ||| FLEEEEING.
 12412 | D:7      | 12412 ||| FLEEEEING.
 12442 | D:7      | 12442 ||| FLEEEEING.
 12456 | D:7      | 12456 ||| FLEEEEING.
 12482 | D:7      | 12482 ||| FLEEEEING.
 12501 | D:7      | 12501 ||| FLEEEEING.
 12531 | D:7      | 12531 ||| FLEEEEING.
 12552 | D:7      | 12552 ||| FLEEEEING.
 12565 | D:7      | 12565 ||| FLEEEEING.
 12578 | D:7      | 12578 ||| FLEEEEING.
 12600 | D:7      | 12600 ||| FLEEEEING.
 12614 | D:7      | 12614 ||| FLEEEEING.
 12651 | D:7      | 12651 ||| FLEEEEING.
 12667 | D:7      | 12667 ||| FLEEEEING.
 12680 | D:7      | 12680 ||| FLEEEEING.
 12694 | D:7      | 12694 ||| FLEEEEING.
 12708 | D:7      | 12708 ||| FLEEEEING.
 12743 | D:7      | 12743 ||| FLEEEEING.
 12756 | D:7      | 12756 ||| FLEEEEING.
 12786 | D:7      | 12786 ||| FLEEEEING.
 12826 | D:7      | 12826 ||| FLEEEEING.
 12862 | D:7      | 12862 ||| FLEEEEING.
 12880 | D:7      | 12880 ||| FLEEEEING.
 12930 | D:7      | 12930 ||| FLEEEEING.
 12979 | D:7      | 12979 ||| FLEEEEING.
 12992 | D:7      | 12992 ||| FLEEEEING.
 13005 | D:7      | 13005 ||| FLEEEEING.
 13019 | D:7      | 13019 ||| FLEEEEING.
 13045 | D:7      | 13045 ||| FLEEEEING.
 13058 | D:7      | 13058 ||| FLEEEEING.
 13079 | D:7      | 13079 ||| FLEEEEING.
 13089 | D:7      | 13089 ||| FLEEEEING.
 13107 | D:7      | 13107 ||| FLEEEEING.
 13123 | D:7      | 13123 ||| FLEEEEING.
 13154 | D:7      | 13154 ||| FLEEEEING.
 13171 | D:7      | 13171 ||| FLEEEEING.
 13181 | D:7      | 13181 ||| FLEEEEING.
 13191 | D:7      | 13191 ||| FLEEEEING.
 13243 | D:7      | 13243 ||| FLEEEEING.
 13262 | D:7      | 13262 ||| FLEEEEING.
 13272 | D:7      | 13272 ||| FLEEEEING.
 13288 | D:7      | 13288 ||| FLEEEEING.
 13318 | D:7      | 13318 ||| FLEEEEING.
 13367 | D:7      | 13367 ||| FLEEEEING.
 13382 | D:7      | 13382 ||| FLEEEEING.
 13413 | D:7      | 13413 ||| FLEEEEING.
 13426 | D:7      | 13426 ||| FLEEEEING.
 13460 | D:7      | 13460 ||| FLEEEEING.
 13488 | D:7      | 13488 ||| FLEEEEING.
 13499 | D:7      | 13499 ||| FLEEEEING.
 13516 | D:7      | 13516 ||| FLEEEEING.
 13527 | D:7      | 13527 ||| FLEEEEING.
 13554 | D:7      | 13554 ||| FLEEEEING.
 13582 | D:7      | 13582 ||| FLEEEEING.
 13599 | D:7      | 13599 ||| FLEEEEING.
 13624 | D:7      | 13624 ||| FLEEEEING.
 13636 | D:7      | 13636 ||| FLEEEEING.
 13648 | D:7      | 13648 ||| FLEEEEING.
 13661 | D:7      | 13661 ||| FLEEEEING.
 13671 | D:7      | 13671 ||| FLEEEEING.
 13692 | D:7      | 13692 ||| FLEEEEING.
 13741 | D:7      | 13741 ||| FLEEEEING.
 13765 | D:7      | 13765 ||| FLEEEEING.
 13781 | D:7      | 13781 ||| FLEEEEING.
 13810 | D:7      | 13810 ||| FLEEEEING.
 13834 | D:7      | 13834 ||| FLEEEEING.
 13844 | D:7      | 13844 ||| FLEEEEING.
 13857 | D:7      | 13857 ||| FLEEEEING.
 13886 | D:7      | 13886 ||| FLEEEEING.
 13914 | D:7      | 13914 ||| FLEEEEING.
 13925 | D:7      | 13925 ||| FLEEEEING.
 13965 | D:7      | 13965 ||| FLEEEEING.
 14019 | D:7      | 14019 ||| FLEEEEING.
 14055 | D:7      | 14055 ||| FLEEEEING.
 14090 | D:7      | 14090 ||| FLEEEEING.
 14124 | D:7      | 14124 ||| FLEEEEING.
 14168 | D:7      | 14168 ||| FLEEEEING.
 14180 | D:7      | 14180 ||| FLEEEEING.
 14201 | D:7      | 14201 ||| FLEEEEING.
 14215 | D:7      | 14215 ||| FLEEEEING.
 14228 | D:7      | 14228 ||| FLEEEEING.
 14240 | D:7      | 14240 ||| FLEEEEING.
 14261 | D:7      | 14261 ||| FLEEEEING.
 14293 | D:7      | 14293 ||| FLEEEEING.
 14321 | D:7      | 14321 ||| FLEEEEING.
 14351 | D:7      | 14351 ||| FLEEEEING.
 14367 | D:7      | 14367 ||| FLEEEEING.
 14407 | D:7      | 14407 ||| FLEEEEING.
 14418 | D:7      | 14418 ||| FLEEEEING.
 14454 | D:7      | 14454 ||| FLEEEEING.
 14467 | D:7      | 14467 ||| FLEEEEING.
 14500 | D:7      | 14500 ||| FLEEEEING.
 14511 | D:7      | 14511 ||| FLEEEEING.
 14528 | D:7      | 14528 ||| FLEEEEING.
 14551 | D:7      | 14551 ||| FLEEEEING.
 14566 | D:7      | 14566 ||| FLEEEEING.
 14606 | D:7      | 14606 ||| FLEEEEING.
 14619 | D:7      | 14619 ||| FLEEEEING.
 14621 | D:7      | 14621 ||| FLEEEEING.
 14656 | D:7      | 14656 ||| FLEEEEING.
 14666 | D:7      | 14666 ||| FLEEEEING.
 14681 | D:7      | 14681 ||| FLEEEEING.
 14695 | D:7      | 14695 ||| FLEEEEING.
 14724 | D:7      | 14724 ||| FLEEEEING.
 14751 | D:7      | 14751 ||| FLEEEEING.
 14770 | D:7      | 14770 ||| FLEEEEING.
 14785 | D:7      | 14785 ||| FLEEEEING.
 14828 | D:7      | 14828 ||| FLEEEEING.
 14870 | D:7      | 14870 ||| FLEEEEING.
 14884 | D:7      | 14884 ||| FLEEEEING.
 14914 | D:7      | 14914 ||| FLEEEEING.
 14944 | D:7      | 14944 ||| FLEEEEING.
 14956 | D:7      | 14956 ||| FLEEEEING.
 14969 | D:7      | 14969 ||| FLEEEEING.
 15003 | D:7      | 15003 ||| FLEEEEING.
 15019 | D:7      | 15019 ||| FLEEEEING.
 15053 | D:7      | 15053 ||| FLEEEEING.
 15080 | D:7      | 15080 ||| FLEEEEING.
 15108 | D:7      | 15108 ||| FLEEEEING.
 15150 | D:7      | 15150 ||| FLEEEEING.
 15207 | D:7      | 15207 ||| FLEEEEING.
 15230 | D:7      | 15230 ||| FLEEEEING.
 15260 | D:7      | 15260 ||| FLEEEEING.
 15278 | D:7      | 15278 ||| FLEEEEING.
 15299 | D:7      | 15299 ||| FLEEEEING.
 15310 | D:7      | 15310 ||| FLEEEEING.
 15349 | D:7      | 15349 ||| FLEEEEING.
 15362 | D:7      | 15362 ||| FLEEEEING.
 15387 | D:7      | 15387 ||| FLEEEEING.
 15416 | D:7      | 15416 ||| FLEEEEING.
 15428 | D:7      | 15428 ||| FLEEEEING.
 15442 | D:7      | 15442 ||| FLEEEEING.
 15443 | D:7      | 15443 ||| FLEEEEING.
 15475 | D:7      | 15475 ||| Stepping ~*~*~tactically~*~*~ (stealth).
 15483 | D:7      | 15483 ||| FLEEEEING.
 15512 | D:7      | 15512 ||| FLEEEEING.
 15532 | D:7      | 15532 ||| FLEEEEING.
 15546 | D:7      | 15546 ||| FLEEEEING.
 15569 | D:7      | 15569 ||| FLEEEEING.
 15579 | D:7      | 15579 ||| FLEEEEING.
 15594 | D:7      | 15594 ||| FLEEEEING.
 15611 | D:7      | 15611 ||| FLEEEEING.
 15624 | D:7      | 15624 ||| FLEEEEING.
 15662 | D:7      | 15662 ||| FLEEEEING.
 15678 | D:7      | 15678 ||| FLEEEEING.
 15693 | D:7      | 15693 ||| FLEEEEING.
 15722 | D:7      | 15722 ||| FLEEEEING.
 15754 | D:7      | 15754 ||| FLEEEEING.
 15772 | D:7      | 15772 ||| FLEEEEING.
 15792 | D:7      | 15792 ||| FLEEEEING.
 15805 | D:7      | 15805 ||| FLEEEEING.
 15819 | D:7      | 15819 ||| FLEEEEING.
 15831 | D:7      | 15831 ||| FLEEEEING.
 15844 | D:7      | 15844 ||| FLEEEEING.
 15891 | D:7      | 15891 ||| FLEEEEING.
 15909 | D:7      | 15909 ||| FLEEEEING.
 15923 | D:7      | 15923 ||| FLEEEEING.
 15934 | D:7      | 15934 ||| FLEEEEING.
 15950 | D:7      | 15950 ||| FLEEEEING.
 15973 | D:7      | 15973 ||| FLEEEEING.
 15993 | D:7      | 15993 ||| FLEEEEING.
 16012 | D:7      | 16012 ||| FLEEEEING.
 16028 | D:7      | 16028 ||| FLEEEEING.
 16029 | D:7      | 16029 ||| FLEEEEING.
 16062 | D:7      | 16062 ||| FLEEEEING.
 16079 | D:7      | 16079 ||| FLEEEEING.
 16090 | D:7      | 16090 ||| FLEEEEING.
 16104 | D:7      | 16104 ||| FLEEEEING.
 16128 | D:7      | 16128 ||| FLEEEEING.
 16157 | D:7      | 16157 ||| FLEEEEING.
 16199 | D:7      | 16199 ||| FLEEEEING.
 16216 | D:7      | 16216 ||| FLEEEEING.
 16217 | D:7      | 16217 ||| FLEEEEING.
 16257 | D:7      | 16257 ||| FLEEEEING.
 16270 | D:7      | 16270 ||| FLEEEEING.
 16301 | D:7      | 16301 ||| FLEEEEING.
 16327 | D:7      | 16327 ||| FLEEEEING.
 16350 | D:7      | 16350 ||| FLEEEEING.
 16388 | D:7      | 16388 ||| FLEEEEING.
 16404 | D:7      | 16404 ||| FLEEEEING.
 16421 | D:7      | 16421 ||| FLEEEEING.
 16440 | D:7      | 16440 ||| FLEEEEING.
 16455 | D:7      | 16455 ||| FLEEEEING.
 16478 | D:7      | 16478 ||| FLEEEEING.
 16479 | D:7      | 16479 ||| FLEEEEING.
 16514 | D:7      | 16514 ||| FLEEEEING.
 16546 | D:7      | 16546 ||| FLEEEEING.
 16566 | D:7      | 16566 ||| FLEEEEING.
 16576 | D:7      | 16576 ||| FLEEEEING.
 16612 | D:7      | 16612 ||| FLEEEEING.
 16631 | D:7      | 16631 ||| FLEEEEING.
 16649 | D:7      | 16649 ||| FLEEEEING.
 16650 | D:7      | 16650 ||| FLEEEEING.
 16660 | D:7      | 16660 ||| FLEEEEING.
 16702 | D:7      | 16702 ||| FLEEEEING.
 16736 | D:7      | 16736 ||| FLEEEEING.
 16783 | D:7      | 16783 ||| FLEEEEING.
 16800 | D:7      | 16800 ||| FLEEEEING.
 16809 | D:7      | 16809 ||| FLEEEEING.
 16823 | D:7      | 16823 ||| FLEEEEING.
 16833 | D:7      | 16833 ||| FLEEEEING.
 16845 | D:7      | 16845 ||| FLEEEEING.
 16878 | D:7      | 16878 ||| FLEEEEING.
 16892 | D:7      | 16892 ||| FLEEEEING.
 16905 | D:7      | 16905 ||| FLEEEEING.
 16918 | D:7      | 16918 ||| FLEEEEING.
 16934 | D:7      | 16934 ||| FLEEEEING.
 16949 | D:7      | 16949 ||| FLEEEEING.
 16973 | D:7      | 16973 ||| FLEEEEING.
 16986 | D:7      | 16986 ||| FLEEEEING.
 17003 | D:7      | 17003 ||| FLEEEEING.
 17028 | D:7      | 17028 ||| FLEEEEING.
 17066 | D:7      | 17066 ||| FLEEEEING.
 17116 | D:7      | 17116 ||| FLEEEEING.
 17161 | D:7      | 17161 ||| FLEEEEING.
 17195 | D:7      | 17195 ||| FLEEEEING.
 17208 | D:7      | 17208 ||| FLEEEEING.
 17236 | D:7      | 17236 ||| FLEEEEING.
 17246 | D:7      | 17246 ||| FLEEEEING.
 17279 | D:7      | 17279 ||| FLEEEEING.
 17293 | D:7      | 17293 ||| FLEEEEING.
 17332 | D:7      | 17332 ||| FLEEEEING.
 17346 | D:7      | 17346 ||| FLEEEEING.
 17385 | D:7      | 17385 ||| FLEEEEING.
 17409 | D:7      | 17409 ||| FLEEEEING.
 17437 | D:7      | 17437 ||| FLEEEEING.
 17453 | D:7      | 17453 ||| FLEEEEING.
 17466 | D:7      | 17466 ||| FLEEEEING.
 17482 | D:7      | 17482 ||| FLEEEEING.
 17511 | D:7      | 17511 ||| FLEEEEING.
 17524 | D:7      | 17524 ||| FLEEEEING.
 17536 | D:7      | 17536 ||| FLEEEEING.
 17546 | D:7      | 17546 ||| FLEEEEING.
 17558 | D:7      | 17558 ||| FLEEEEING.
 17575 | D:7      | 17575 ||| FLEEEEING.
 17608 | D:7      | 17608 ||| FLEEEEING.
 17624 | D:7      | 17624 ||| FLEEEEING.
 17641 | D:7      | 17641 ||| FLEEEEING.
 17659 | D:7      | 17659 ||| FLEEEEING.
 17674 | D:7      | 17674 ||| FLEEEEING.
 17691 | D:7      | 17691 ||| FLEEEEING.
 17720 | D:7      | 17720 ||| FLEEEEING.
 17732 | D:7      | 17732 ||| FLEEEEING.
 17782 | D:7      | 17782 ||| FLEEEEING.
 17812 | D:7      | 17812 ||| FLEEEEING.
 17848 | D:7      | 17848 ||| FLEEEEING.
 17870 | D:7      | 17870 ||| FLEEEEING.
 17890 | D:7      | 17890 ||| FLEEEEING.
 17904 | D:7      | 17904 ||| FLEEEEING.
 17935 | D:7      | 17935 ||| FLEEEEING.
 17946 | D:7      | 17946 ||| FLEEEEING.
 17964 | D:7      | 17964 ||| FLEEEEING.
 17980 | D:7      | 17980 ||| FLEEEEING.
 18012 | D:7      | 18012 ||| FLEEEEING.
 18032 | D:7      | 18032 ||| FLEEEEING.
 18042 | D:7      | 18042 ||| FLEEEEING.
 18066 | D:7      | 18066 ||| FLEEEEING.
 18102 | D:7      | 18102 ||| FLEEEEING.
 18134 | D:7      | 18134 ||| FLEEEEING.
 18156 | D:7      | 18156 ||| FLEEEEING.
 18166 | D:7      | 18166 ||| FLEEEEING.
 18198 | D:7      | 18198 ||| FLEEEEING.
 18210 | D:7      | 18210 ||| FLEEEEING.
 18252 | D:7      | 18252 ||| FLEEEEING.
 18294 | D:7      | 18294 ||| FLEEEEING.
 18340 | D:7      | 18340 ||| FLEEEEING.
 18370 | D:7      | 18370 ||| FLEEEEING.
 18405 | D:7      | 18405 ||| FLEEEEING.
 18420 | D:7      | 18420 ||| FLEEEEING.
 18449 | D:7      | 18449 ||| FLEEEEING.
 18450 | D:7      | 18450 ||| FLEEEEING.
 18484 | D:7      | 18484 ||| FLEEEEING.
 18516 | D:7      | 18516 ||| FLEEEEING.
 18540 | D:7      | 18540 ||| FLEEEEING.
 18592 | D:7      | 18592 ||| FLEEEEING.
 18620 | D:7      | 18620 ||| FLEEEEING.
 18654 | D:7      | 18654 ||| FLEEEEING.
 18667 | D:7      | 18667 ||| FLEEEEING.
 18687 | D:7      | 18687 ||| FLEEEEING.
 18708 | D:7      | 18708 ||| FLEEEEING.
 18733 | D:7      | 18733 ||| FLEEEEING.
 18751 | D:7      | 18751 ||| FLEEEEING.
 18766 | D:7      | 18766 ||| FLEEEEING.
 18779 | D:7      | 18779 ||| FLEEEEING.
 18791 | D:7      | 18791 ||| FLEEEEING.
 18803 | D:7      | 18803 ||| FLEEEEING.
 18847 | D:7      | 18847 ||| FLEEEEING.
 18866 | D:7      | 18866 ||| FLEEEEING.
 18880 | D:7      | 18880 ||| FLEEEEING.
 18908 | D:7      | 18908 ||| FLEEEEING.
 18920 | D:7      | 18920 ||| FLEEEEING.
 18932 | D:7      | 18932 ||| FLEEEEING.
 18966 | D:7      | 18966 ||| FLEEEEING.
 19019 | D:7      | 19019 ||| FLEEEEING.
 19053 | D:7      | 19053 ||| FLEEEEING.
 19069 | D:7      | 19069 ||| FLEEEEING.
 19086 | D:7      | 19086 ||| FLEEEEING.
 19103 | D:7      | 19103 ||| FLEEEEING.
 19104 | D:7      | 19104 ||| FLEEEEING.
 19122 | D:7      | 19122 ||| FLEEEEING.
 19160 | D:7      | 19160 ||| FLEEEEING.
 19171 | D:7      | 19171 ||| FLEEEEING.
 19204 | D:7      | 19204 ||| FLEEEEING.
 19224 | D:7      | 19224 ||| FLEEEEING.
 19244 | D:7      | 19244 ||| FLEEEEING.
 19254 | D:7      | 19254 ||| FLEEEEING.
 19281 | D:7      | 19281 ||| FLEEEEING.
 19296 | D:7      | 19296 ||| FLEEEEING.
 19335 | D:7      | 19335 ||| FLEEEEING.
 19347 | D:7      | 19347 ||| FLEEEEING.
 19373 | D:7      | 19373 ||| FLEEEEING.
 19407 | D:7      | 19407 ||| FLEEEEING.
 19433 | D:7      | 19433 ||| FLEEEEING.
 19470 | D:7      | 19470 ||| FLEEEEING.
 19484 | D:7      | 19484 ||| FLEEEEING.
 19530 | D:7      | 19530 ||| FLEEEEING.
 19542 | D:7      | 19542 ||| FLEEEEING.
 19584 | D:7      | 19584 ||| FLEEEEING.
 19620 | D:7      | 19620 ||| FLEEEEING.
 19633 | D:7      | 19633 ||| FLEEEEING.
 19668 | D:7      | 19668 ||| FLEEEEING.
 19691 | D:7      | 19691 ||| FLEEEEING.
 19727 | D:7      | 19727 ||| FLEEEEING.
 19758 | D:7      | 19758 ||| FLEEEEING.
 19784 | D:7      | 19784 ||| FLEEEEING.
 19818 | D:7      | 19818 ||| FLEEEEING.
 19831 | D:7      | 19831 ||| FLEEEEING.
 19854 | D:7      | 19854 ||| FLEEEEING.
 19864 | D:7      | 19864 ||| FLEEEEING.
 19896 | D:7      | 19896 ||| FLEEEEING.
 19922 | D:7      | 19922 ||| FLEEEEING.
 19954 | D:7      | 19954 ||| FLEEEEING.
 19980 | D:7      | 19980 ||| FLEEEEING.
 19990 | D:7      | 19990 ||| FLEEEEING.
 20004 | D:7      | 20004 ||| FLEEEEING.
 20015 | D:7      | 20015 ||| FLEEEEING.
 20044 | D:7      | 20044 ||| FLEEEEING.
 20054 | D:7      | 20054 ||| FLEEEEING.
 20089 | D:7      | 20089 ||| FLEEEEING.
 20103 | D:7      | 20103 ||| FLEEEEING.
 20137 | D:7      | 20137 ||| FLEEEEING.
 20154 | D:7      | 20154 ||| FLEEEEING.
 20178 | D:7      | 20178 ||| FLEEEEING.
 20213 | D:7      | 20213 ||| FLEEEEING.
 20236 | D:7      | 20236 ||| FLEEEEING.
 20251 | D:7      | 20251 ||| FLEEEEING.
 20278 | D:7      | 20278 ||| FLEEEEING.
 20304 | D:7      | 20304 ||| FLEEEEING.
 20351 | D:7      | 20351 ||| FLEEEEING.
 20372 | D:7      | 20372 ||| FLEEEEING.
 20395 | D:7      | 20395 ||| FLEEEEING.
 20396 | D:7      | 20396 ||| FLEEEEING.
 20415 | D:7      | 20415 ||| FLEEEEING.
 20439 | D:7      | 20439 ||| FLEEEEING.
 20450 | D:7      | 20450 ||| FLEEEEING.
 20498 | D:7      | 20498 ||| FLEEEEING.
 20530 | D:7      | 20530 ||| FLEEEEING.
 20548 | D:7      | 20548 ||| FLEEEEING.
 20583 | D:7      | 20583 ||| FLEEEEING.
 20598 | D:7      | 20598 ||| FLEEEEING.
 20637 | D:7      | 20637 ||| FLEEEEING.
 20651 | D:7      | 20651 ||| FLEEEEING.
 20662 | D:7      | 20662 ||| FLEEEEING.
 20673 | D:7      | 20673 ||| FLEEEEING.
 20709 | D:7      | 20709 ||| FLEEEEING.
 20726 | D:7      | 20726 ||| FLEEEEING.
 20740 | D:7      | 20740 ||| FLEEEEING.
 20800 | D:7      | 20800 ||| FLEEEEING.
 20825 | D:7      | 20825 ||| FLEEEEING.
 20842 | D:7      | 20842 ||| FLEEEEING.
 20866 | D:7      | 20866 ||| FLEEEEING.
 20883 | D:7      | 20883 ||| FLEEEEING.
 20884 | D:7      | 20884 ||| FLEEEEING.
 20915 | D:7      | 20915 ||| FLEEEEING.
 20944 | D:7      | 20944 ||| FLEEEEING.
 20954 | D:7      | 20954 ||| FLEEEEING.
 20966 | D:7      | 20966 ||| FLEEEEING.
 20988 | D:7      | 20988 ||| Stepping ~*~*~tactically~*~*~ (stealth).
 20989 | D:7      | 20989 ||| Stepping ~*~*~tactically~*~*~ (stealth).
 20993 | D:7      | 20993 ||| FLEEEEING.
 21021 | D:7      | 21021 ||| FLEEEEING.
 21036 | D:7      | 21036 ||| FLEEEEING.
 21062 | D:7      | 21062 ||| FLEEEEING.
 21072 | D:7      | 21072 ||| FLEEEEING.
 21083 | D:7      | 21083 ||| FLEEEEING.
 21115 | D:7      | 21115 ||| FLEEEEING.
 21132 | D:7      | 21132 ||| FLEEEEING.
 21154 | D:7      | 21154 ||| FLEEEEING.
 21167 | D:7      | 21167 ||| FLEEEEING.
 21200 | D:7      | 21200 ||| FLEEEEING.
 21224 | D:7      | 21224 ||| FLEEEEING.
 21260 | D:7      | 21260 ||| FLEEEEING.
 21325 | D:7      | 21325 ||| FLEEEEING.
 21336 | D:7      | 21336 ||| FLEEEEING.
 21370 | D:7      | 21370 ||| FLEEEEING.
 21417 | D:7      | 21417 ||| FLEEEEING.
 21460 | D:7      | 21460 ||| FLEEEEING.
 21478 | D:7      | 21478 ||| FLEEEEING.
 21495 | D:7      | 21495 ||| Stepping ~*~*~tactically~*~*~ (stealth).
 21498 | D:7      | 21498 ||| FLEEEEING.
 21526 | D:7      | 21526 ||| FLEEEEING.
 21546 | D:7      | 21546 ||| FLEEEEING.
 21558 | D:7      | 21558 ||| FLEEEEING.
 21594 | D:7      | 21594 ||| FLEEEEING.
 21608 | D:7      | 21608 ||| FLEEEEING.
 21641 | D:7      | 21641 ||| FLEEEEING.
 21664 | D:7      | 21664 ||| FLEEEEING.
 21689 | D:7      | 21689 ||| FLEEEEING.
 21700 | D:7      | 21700 ||| FLEEEEING.
 21719 | D:7      | 21719 ||| FLEEEEING.
 21743 | D:7      | 21743 ||| FLEEEEING.
 21777 | D:7      | 21777 ||| FLEEEEING.
 21816 | D:7      | 21816 ||| FLEEEEING.
 21832 | D:7      | 21832 ||| FLEEEEING.
 21850 | D:7      | 21850 ||| FLEEEEING.
 21882 | D:7      | 21882 ||| FLEEEEING.
 21914 | D:7      | 21914 ||| FLEEEEING.
 21936 | D:7      | 21936 ||| FLEEEEING.
 21949 | D:7      | 21949 ||| FLEEEEING.
 21971 | D:7      | 21971 ||| FLEEEEING.
 21972 | D:7      | 21972 ||| FLEEEEING.
 22003 | D:7      | 22003 ||| FLEEEEING.
 22021 | D:7      | 22021 ||| FLEEEEING.
 22043 | D:7      | 22043 ||| FLEEEEING.
 22076 | D:7      | 22076 ||| FLEEEEING.
 22086 | D:7      | 22086 ||| FLEEEEING.
 22122 | D:7      | 22122 ||| FLEEEEING.
 22139 | D:7      | 22139 ||| FLEEEEING.
 22160 | D:7      | 22160 ||| FLEEEEING.
 22175 | D:7      | 22175 ||| FLEEEEING.
 22222 | D:7      | 22222 ||| FLEEEEING.
 22251 | D:7      | 22251 ||| FLEEEEING.
 22287 | D:7      | 22287 ||| FLEEEEING.
 22340 | D:7      | 22340 ||| FLEEEEING.
 22350 | D:7      | 22350 ||| FLEEEEING.
 22364 | D:7      | 22364 ||| FLEEEEING.
 22365 | D:7      | 22365 ||| FLEEEEING.
 22389 | D:7      | 22389 ||| FLEEEEING.
 22402 | D:7      | 22402 ||| FLEEEEING.
 22420 | D:7      | 22420 ||| FLEEEEING.
 22451 | D:7      | 22451 ||| FLEEEEING.
 22470 | D:7      | 22470 ||| FLEEEEING.
 22504 | D:7      | 22504 ||| FLEEEEING.
 22532 | D:7      | 22532 ||| FLEEEEING.
 22567 | D:7      | 22567 ||| FLEEEEING.
 22582 | D:7      | 22582 ||| FLEEEEING.
 22613 | D:7      | 22613 ||| FLEEEEING.
 22627 | D:7      | 22627 ||| FLEEEEING.
 22643 | D:7      | 22643 ||| FLEEEEING.
 22655 | D:7      | 22655 ||| FLEEEEING.
 22669 | D:7      | 22669 ||| FLEEEEING.
 22697 | D:7      | 22697 ||| FLEEEEING.
 22708 | D:7      | 22708 ||| FLEEEEING.
 22719 | D:7      | 22719 ||| FLEEEEING.
 22741 | D:7      | 22741 ||| FLEEEEING.
 22763 | D:7      | 22763 ||| FLEEEEING.
 22775 | D:7      | 22775 ||| FLEEEEING.
 22794 | D:7      | 22794 ||| FLEEEEING.
 22806 | D:7      | 22806 ||| FLEEEEING.
 22831 | D:7      | 22831 ||| FLEEEEING.
 22843 | D:7      | 22843 ||| FLEEEEING.
 22874 | D:7      | 22874 ||| FLEEEEING.
 22875 | D:7      | 22875 ||| FLEEEEING.
 22894 | D:7      | 22894 ||| Stepping ~*~*~tactically~*~*~ (stealth).
 22905 | D:7      | 22905 ||| FLEEEEING.
 22915 | D:7      | 22915 ||| FLEEEEING.
 22928 | D:7      | 22928 ||| FLEEEEING.
 22972 | D:7      | 22972 ||| FLEEEEING.
 23002 | D:7      | 23002 ||| FLEEEEING.
 23037 | D:7      | 23037 ||| FLEEEEING.
 23047 | D:7      | 23047 ||| FLEEEEING.
 23073 | D:7      | 23073 ||| FLEEEEING.
 23109 | D:7      | 23109 ||| FLEEEEING.
 23126 | D:7      | 23126 ||| FLEEEEING.
 23136 | D:7      | 23136 ||| FLEEEEING.
 23166 | D:7      | 23166 ||| FLEEEEING.
 23176 | D:7      | 23176 ||| FLEEEEING.
 23212 | D:7      | 23212 ||| FLEEEEING.
 23256 | D:7      | 23256 ||| FLEEEEING.
 23271 | D:7      | 23271 ||| FLEEEEING.
 23303 | D:7      | 23303 ||| FLEEEEING.
 23319 | D:7      | 23319 ||| FLEEEEING.
 23330 | D:7      | 23330 ||| FLEEEEING.
 23340 | D:7      | 23340 ||| FLEEEEING.
 23373 | D:7      | 23373 ||| FLEEEEING.
 23384 | D:7      | 23384 ||| FLEEEEING.
 23421 | D:7      | 23421 ||| FLEEEEING.
 23459 | D:7      | 23459 ||| FLEEEEING.
 23477 | D:7      | 23477 ||| FLEEEEING.
 23496 | D:7      | 23496 ||| FLEEEEING.
 23511 | D:7      | 23511 ||| FLEEEEING.
 23541 | D:7      | 23541 ||| FLEEEEING.
 23557 | D:7      | 23557 ||| FLEEEEING.
 23582 | D:7      | 23582 ||| FLEEEEING.
 23611 | D:7      | 23611 ||| FLEEEEING.
 23638 | D:7      | 23638 ||| FLEEEEING.
 23654 | D:7      | 23654 ||| FLEEEEING.
 23669 | D:7      | 23669 ||| FLEEEEING.
 23682 | D:7      | 23682 ||| FLEEEEING.
 23703 | D:7      | 23703 ||| FLEEEEING.
 23715 | D:7      | 23715 ||| FLEEEEING.
 23731 | D:7      | 23731 ||| FLEEEEING.
 23747 | D:7      | 23747 ||| FLEEEEING.
 23757 | D:7      | 23757 ||| FLEEEEING.
 23776 | D:7      | 23776 ||| FLEEEEING.
 23790 | D:7      | 23790 ||| FLEEEEING.
 23801 | D:7      | 23801 ||| FLEEEEING.
 23827 | D:7      | 23827 ||| FLEEEEING.
 23859 | D:7      | 23859 ||| FLEEEEING.
 23880 | D:7      | 23880 ||| Stepping ~*~*~tactically~*~*~ (stealth).
 23889 | D:7      | 23889 ||| FLEEEEING.
 23932 | D:7      | 23932 ||| FLEEEEING.
 23951 | D:7      | 23951 ||| FLEEEEING.
 23968 | D:7      | 23968 ||| FLEEEEING.
 23994 | D:7      | 23994 ||| FLEEEEING.
 24004 | D:7      | 24004 ||| FLEEEEING.
 24019 | D:7      | 24019 ||| FLEEEEING.
 24037 | D:7      | 24037 ||| FLEEEEING.
 24054 | D:7      | 24054 ||| FLEEEEING.
 24072 | D:7      | 24072 ||| FLEEEEING.
 24094 | D:7      | 24094 ||| FLEEEEING.
 24108 | D:7      | 24108 ||| FLEEEEING.
 24133 | D:7      | 24133 ||| FLEEEEING.
 24149 | D:7      | 24149 ||| FLEEEEING.
 24189 | D:7      | 24189 ||| FLEEEEING.
 24204 | D:7      | 24204 ||| FLEEEEING.
 24235 | D:7      | 24235 ||| FLEEEEING.
 24275 | D:7      | 24275 ||| FLEEEEING.
 24312 | D:7      | 24312 ||| FLEEEEING.
 24338 | D:7      | 24338 ||| FLEEEEING.
 24351 | D:7      | 24351 ||| FLEEEEING.
 24386 | D:7      | 24386 ||| FLEEEEING.
 24406 | D:7      | 24406 ||| FLEEEEING.
 24455 | D:7      | 24455 ||| FLEEEEING.
 24467 | D:7      | 24467 ||| FLEEEEING.
 24489 | D:7      | 24489 ||| FLEEEEING.
 24504 | D:7      | 24504 ||| FLEEEEING.
 24532 | D:7      | 24532 ||| FLEEEEING.
 24553 | D:7      | 24553 ||| FLEEEEING.
 24581 | D:7      | 24581 ||| FLEEEEING.
 24596 | D:7      | 24596 ||| FLEEEEING.
 24629 | D:7      | 24629 ||| FLEEEEING.
 24657 | D:7      | 24657 ||| FLEEEEING.
 24675 | D:7      | 24675 ||| FLEEEEING.
 24707 | D:7      | 24707 ||| Stepping ~*~*~tactically~*~*~ (stealth).
 24714 | D:7      | 24714 ||| FLEEEEING.
 24758 | D:7      | 24758 ||| FLEEEEING.
 24773 | D:7      | 24773 ||| FLEEEEING.
 24798 | D:7      | 24798 ||| FLEEEEING.
 24831 | D:7      | 24831 ||| FLEEEEING.
 24844 | D:7      | 24844 ||| FLEEEEING.
 24881 | D:7      | 24881 ||| FLEEEEING.
 24908 | D:7      | 24908 ||| FLEEEEING.
 24909 | D:7      | 24909 ||| FLEEEEING.
 24940 | D:7      | 24940 ||| FLEEEEING.
 24963 | D:7      | 24963 ||| FLEEEEING.
 24991 | D:7      | 24991 ||| FLEEEEING.
 25009 | D:7      | 25009 ||| FLEEEEING.
 25027 | D:7      | 25027 ||| FLEEEEING.
 25060 | D:7      | 25060 ||| FLEEEEING.
 25078 | D:7      | 25078 ||| FLEEEEING.
 25112 | D:7      | 25112 ||| FLEEEEING.
 25124 | D:7      | 25124 ||| FLEEEEING.
 25143 | D:7      | 25143 ||| FLEEEEING.
 25144 | D:7      | 25144 ||| FLEEEEING.
 25161 | D:7      | 25161 ||| FLEEEEING.
 25175 | D:7      | 25175 ||| FLEEEEING.
 25208 | D:7      | 25208 ||| FLEEEEING.
 25221 | D:7      | 25221 ||| FLEEEEING.
 25242 | D:7      | 25242 ||| FLEEEEING.
 25259 | D:7      | 25259 ||| FLEEEEING.
 25289 | D:7      | 25289 ||| FLEEEEING.
 25312 | D:7      | 25312 ||| FLEEEEING.
 25339 | D:7      | 25339 ||| FLEEEEING.
 25360 | D:7      | 25360 ||| FLEEEEING.
 25379 | D:7      | 25379 ||| FLEEEEING.
 25391 | D:7      | 25391 ||| FLEEEEING.
 25417 | D:7      | 25417 ||| FLEEEEING.
 25435 | D:7      | 25435 ||| FLEEEEING.
 25447 | D:7      | 25447 ||| FLEEEEING.
 25458 | D:7      | 25458 ||| FLEEEEING.
 25486 | D:7      | 25486 ||| FLEEEEING.
 25499 | D:7      | 25499 ||| FLEEEEING.
 25517 | D:7      | 25517 ||| FLEEEEING.
 25530 | D:7      | 25530 ||| FLEEEEING.
 25551 | D:7      | 25551 ||| FLEEEEING.
 25565 | D:7      | 25565 ||| FLEEEEING.
 25586 | D:7      | 25586 ||| FLEEEEING.
 25626 | D:7      | 25626 ||| FLEEEEING.
 25638 | D:7      | 25638 ||| FLEEEEING.
 25650 | D:7      | 25650 ||| FLEEEEING.
 25665 | D:7      | 25665 ||| FLEEEEING.
 25674 | D:7      | 25674 ||| FLEEEEING.
 25703 | D:7      | 25703 ||| FLEEEEING.
 25716 | D:7      | 25716 ||| FLEEEEING.
 25726 | D:7      | 25726 ||| FLEEEEING.
 25737 | D:7      | 25737 ||| FLEEEEING.
 25750 | D:7      | 25750 ||| FLEEEEING.
 25764 | D:7      | 25764 ||| FLEEEEING.
 25789 | D:7      | 25789 ||| FLEEEEING.
 25812 | D:7      | 25812 ||| FLEEEEING.
 25844 | D:7      | 25844 ||| FLEEEEING.
 25845 | D:7      | 25845 ||| FLEEEEING.
 25878 | D:7      | 25878 ||| FLEEEEING.
 25910 | D:7      | 25910 ||| FLEEEEING.
 25959 | D:7      | 25959 ||| FLEEEEING.
 25996 | D:7      | 25996 ||| FLEEEEING.
 26022 | D:7      | 26022 ||| FLEEEEING.
 26039 | D:7      | 26039 ||| FLEEEEING.
 26050 | D:7      | 26050 ||| FLEEEEING.
 26062 | D:7      | 26062 ||| FLEEEEING.
 26098 | D:7      | 26098 ||| FLEEEEING.
 26134 | D:7      | 26134 ||| FLEEEEING.
 26148 | D:7      | 26148 ||| FLEEEEING.
 26165 | D:7      | 26165 ||| FLEEEEING.
 26181 | D:7      | 26181 ||| FLEEEEING.
 26194 | D:7      | 26194 ||| FLEEEEING.
 26226 | D:7      | 26226 ||| FLEEEEING.
 26265 | D:7      | 26265 ||| FLEEEEING.
 26281 | D:7      | 26281 ||| FLEEEEING.
 26291 | D:7      | 26291 ||| FLEEEEING.
 26327 | D:7      | 26327 ||| FLEEEEING.
 26379 | D:7      | 26379 ||| FLEEEEING.
 26394 | D:7      | 26394 ||| FLEEEEING.
 26413 | D:7      | 26413 ||| FLEEEEING.
 26441 | D:7      | 26441 ||| FLEEEEING.
 26464 | D:7      | 26464 ||| FLEEEEING.
 26476 | D:7      | 26476 ||| FLEEEEING.
 26510 | D:7      | 26510 ||| FLEEEEING.
 26545 | D:7      | 26545 ||| FLEEEEING.
 26572 | D:7      | 26572 ||| FLEEEEING.
 26606 | D:7      | 26606 ||| FLEEEEING.
 26633 | D:7      | 26633 ||| FLEEEEING.
 26664 | D:7      | 26664 ||| FLEEEEING.
 26692 | D:7      | 26692 ||| FLEEEEING.
 26722 | D:7      | 26722 ||| FLEEEEING.
 26745 | D:7      | 26745 ||| FLEEEEING.
 26757 | D:7      | 26757 ||| FLEEEEING.
 26787 | D:7      | 26787 ||| FLEEEEING.
 26808 | D:7      | 26808 ||| FLEEEEING.
 26837 | D:7      | 26837 ||| FLEEEEING.
 26881 | D:7      | 26881 ||| FLEEEEING.
 26905 | D:7      | 26905 ||| FLEEEEING.
 26934 | D:7      | 26934 ||| FLEEEEING.
 26974 | D:7      | 26974 ||| FLEEEEING.
 27008 | D:7      | 27008 ||| FLEEEEING.
 27021 | D:7      | 27021 ||| FLEEEEING.
 27047 | D:7      | 27047 ||| FLEEEEING.
 27065 | D:7      | 27065 ||| FLEEEEING.
 27088 | D:7      | 27088 ||| FLEEEEING.
 27103 | D:7      | 27103 ||| FLEEEEING.
 27129 | D:7      | 27129 ||| FLEEEEING.
 27157 | D:7      | 27157 ||| FLEEEEING.
 27172 | D:7      | 27172 ||| FLEEEEING.
 27201 | D:7      | 27201 ||| FLEEEEING.
 27213 | D:7      | 27213 ||| Stepping ~*~*~tactically~*~*~ (stealth).
 27215 | D:7      | 27215 ||| FLEEEEING.
 27231 | D:7      | 27231 ||| FLEEEEING.
 27253 | D:7      | 27253 ||| FLEEEEING.
 27282 | D:7      | 27282 ||| FLEEEEING.
 27312 | D:7      | 27312 ||| FLEEEEING.
 27332 | D:7      | 27332 ||| FLEEEEING.
 27343 | D:7      | 27343 ||| FLEEEEING.
 27364 | D:7      | 27364 ||| FLEEEEING.
 27412 | D:7      | 27412 ||| FLEEEEING.
 27425 | D:7      | 27425 ||| FLEEEEING.
 27436 | D:7      | 27436 ||| FLEEEEING.
 27459 | D:7      | 27459 ||| FLEEEEING.
 27473 | D:7      | 27473 ||| FLEEEEING.
 27502 | D:7      | 27502 ||| FLEEEEING.
 27553 | D:7      | 27553 ||| FLEEEEING.
 27579 | D:7      | 27579 ||| FLEEEEING.
 27580 | D:7      | 27580 ||| FLEEEEING.
 27613 | D:7      | 27613 ||| FLEEEEING.
 27647 | D:7      | 27647 ||| FLEEEEING.
 27658 | D:7      | 27658 ||| FLEEEEING.
 27683 | D:7      | 27683 ||| FLEEEEING.
 27693 | D:7      | 27693 ||| FLEEEEING.
 27712 | D:7      | 27712 ||| FLEEEEING.
 27750 | D:7      | 27750 ||| FLEEEEING.
 27777 | D:7      | 27777 ||| FLEEEEING.
 27795 | D:7      | 27795 ||| FLEEEEING.
 27820 | D:7      | 27820 ||| FLEEEEING.
 27864 | D:7      | 27864 ||| FLEEEEING.
 27882 | D:7      | 27882 ||| FLEEEEING.
 27917 | D:7      | 27917 ||| FLEEEEING.
 27953 | D:7      | 27953 ||| FLEEEEING.
 27985 | D:7      | 27985 ||| FLEEEEING.
 27998 | D:7      | 27998 ||| FLEEEEING.
 28012 | D:7      | 28012 ||| FLEEEEING.
 28041 | D:7      | 28041 ||| FLEEEEING.
 28052 | D:7      | 28052 ||| FLEEEEING.
 28093 | D:7      | 28093 ||| FLEEEEING.
 28107 | D:7      | 28107 ||| FLEEEEING.
 28127 | D:7      | 28127 ||| FLEEEEING.
 28160 | D:7      | 28160 ||| FLEEEEING.
 28189 | D:7      | 28189 ||| FLEEEEING.
 28204 | D:7      | 28204 ||| FLEEEEING.
 28222 | D:7      | 28222 ||| FLEEEEING.
 28242 | D:7      | 28242 ||| FLEEEEING.
 28276 | D:7      | 28276 ||| FLEEEEING.
 28292 | D:7      | 28292 ||| FLEEEEING.
 28315 | D:7      | 28315 ||| FLEEEEING.
 28358 | D:7      | 28358 ||| FLEEEEING.
 28374 | D:7      | 28374 ||| FLEEEEING.
 28388 | D:7      | 28388 ||| FLEEEEING.
 28418 | D:7      | 28418 ||| FLEEEEING.
 28445 | D:7      | 28445 ||| FLEEEEING.
 28459 | D:7      | 28459 ||| FLEEEEING.
 28481 | D:7      | 28481 ||| FLEEEEING.
 28482 | D:7      | 28482 ||| FLEEEEING.
 28501 | D:7      | 28501 ||| FLEEEEING.
 28516 | D:7      | 28516 ||| FLEEEEING.
 28548 | D:7      | 28548 ||| FLEEEEING.
 28576 | D:7      | 28576 ||| FLEEEEING.
 28595 | D:7      | 28595 ||| FLEEEEING.
 28624 | D:7      | 28624 ||| FLEEEEING.
 28638 | D:7      | 28638 ||| FLEEEEING.
 28656 | D:7      | 28656 ||| FLEEEEING.
 28684 | D:7      | 28684 ||| FLEEEEING.
 28736 | D:7      | 28736 ||| FLEEEEING.
 28769 | D:7      | 28769 ||| FLEEEEING.
 28819 | D:7      | 28819 ||| FLEEEEING.
 28852 | D:7      | 28852 ||| FLEEEEING.
 28891 | D:7      | 28891 ||| FLEEEEING.
 28944 | D:7      | 28944 ||| FLEEEEING.
 28966 | D:7      | 28966 ||| FLEEEEING.
 28983 | D:7      | 28983 ||| FLEEEEING.
 28998 | D:7      | 28998 ||| FLEEEEING.
 29025 | D:7      | 29025 ||| FLEEEEING.
 29035 | D:7      | 29035 ||| FLEEEEING.
 29051 | D:7      | 29051 ||| FLEEEEING.
 29062 | D:7      | 29062 ||| FLEEEEING.
 29095 | D:7      | 29095 ||| FLEEEEING.
 29120 | D:7      | 29120 ||| FLEEEEING.
 29142 | D:7      | 29142 ||| FLEEEEING.
 29186 | D:7      | 29186 ||| FLEEEEING.
 29201 | D:7      | 29201 ||| FLEEEEING.
 29220 | D:7      | 29220 ||| FLEEEEING.
 29239 | D:7      | 29239 ||| FLEEEEING.
 29270 | D:7      | 29270 ||| FLEEEEING.
 29289 | D:7      | 29289 ||| FLEEEEING.
 29305 | D:7      | 29305 ||| FLEEEEING.
 29318 | D:7      | 29318 ||| FLEEEEING.
 29348 | D:7      | 29348 ||| FLEEEEING.
 29358 | D:7      | 29358 ||| FLEEEEING.
 29377 | D:7      | 29377 ||| FLEEEEING.
 29397 | D:7      | 29397 ||| FLEEEEING.
 29411 | D:7      | 29411 ||| FLEEEEING.
 29433 | D:7      | 29433 ||| FLEEEEING.
 29450 | D:7      | 29450 ||| FLEEEEING.
 29486 | D:7      | 29486 ||| FLEEEEING.
 29496 | D:7      | 29496 ||| FLEEEEING.
 29510 | D:7      | 29510 ||| FLEEEEING.
 29547 | D:7      | 29547 ||| FLEEEEING.
 29577 | D:7      | 29577 ||| FLEEEEING.
 29594 | D:7      | 29594 ||| FLEEEEING.
 29610 | D:7      | 29610 ||| FLEEEEING.
 29645 | D:7      | 29645 ||| FLEEEEING.
 29675 | D:7      | 29675 ||| FLEEEEING.
 29698 | D:7      | 29698 ||| FLEEEEING.
 29730 | D:7      | 29730 ||| FLEEEEING.
 29744 | D:7      | 29744 ||| FLEEEEING.
 29781 | D:7      | 29781 ||| FLEEEEING.
 29797 | D:7      | 29797 ||| FLEEEEING.
 29827 | D:7      | 29827 ||| FLEEEEING.
 29857 | D:7      | 29857 ||| FLEEEEING.
 29879 | D:7      | 29879 ||| FLEEEEING.
 29892 | D:7      | 29892 ||| FLEEEEING.
 29905 | D:7      | 29905 ||| FLEEEEING.
 29950 | D:7      | 29950 ||| FLEEEEING.
 29980 | D:7      | 29980 ||| FLEEEEING.
 29999 | D:7      | 29999 ||| FLEEEEING.
 30008 | D:7      | 30008 ||| FLEEEEING.
 30046 | D:7      | 30046 ||| FLEEEEING.
 30074 | D:7      | 30074 ||| FLEEEEING.
 30098 | D:7      | 30098 ||| FLEEEEING.
 30116 | D:7      | 30116 ||| FLEEEEING.
 30117 | D:7      | 30117 ||| FLEEEEING.
 30159 | D:7      | 30159 ||| FLEEEEING.
 30171 | D:7      | 30171 ||| FLEEEEING.
 30186 | D:7      | 30186 ||| FLEEEEING.
 30201 | D:7      | 30201 ||| FLEEEEING.
 30227 | D:7      | 30227 ||| FLEEEEING.
 30246 | D:7      | 30246 ||| FLEEEEING.
 30271 | D:7      | 30271 ||| FLEEEEING.
 30289 | D:7      | 30289 ||| FLEEEEING.
 30306 | D:7      | 30306 ||| FLEEEEING.
 30307 | D:7      | 30307 ||| FLEEEEING.
 30353 | D:7      | 30353 ||| FLEEEEING.
 30372 | D:7      | 30372 ||| FLEEEEING.
 30395 | D:7      | 30395 ||| FLEEEEING.
 30426 | D:7      | 30426 ||| FLEEEEING.
 30458 | D:7      | 30458 ||| FLEEEEING.
 30475 | D:7      | 30475 ||| FLEEEEING.
 30503 | D:7      | 30503 ||| FLEEEEING.
 30504 | D:7      | 30504 ||| FLEEEEING.
 30530 | D:7      | 30530 ||| FLEEEEING.
 30553 | D:7      | 30553 ||| FLEEEEING.
 30572 | D:7      | 30572 ||| FLEEEEING.
 30599 | D:7      | 30599 ||| FLEEEEING.
 30615 | D:7      | 30615 ||| FLEEEEING.
 30618 | D:7      | 30618 ||| FLEEEEING.
 30642 | D:7      | 30642 ||| FLEEEEING.
 30654 | D:7      | 30654 ||| FLEEEEING.
 30686 | D:7      | 30686 ||| FLEEEEING.
 30712 | D:7      | 30712 ||| FLEEEEING.
 30722 | D:7      | 30722 ||| FLEEEEING.
 30735 | D:7      | 30735 ||| FLEEEEING.
 30736 | D:7      | 30736 ||| FLEEEEING.
 30758 | D:7      | 30758 ||| FLEEEEING.
 30775 | D:7      | 30775 ||| FLEEEEING.
 30776 | D:7      | 30776 ||| FLEEEEING.
 30794 | D:7      | 30794 ||| FLEEEEING.
 30795 | D:7      | 30795 ||| FLEEEEING.
 30828 | D:7      | 30828 ||| FLEEEEING.
 30850 | D:7      | 30850 ||| FLEEEEING.
 30851 | D:7      | 30851 ||| FLEEEEING.
 30866 | D:7      | 30866 ||| FLEEEEING.
 30902 | D:7      | 30902 ||| FLEEEEING.
 30928 | D:7      | 30928 ||| FLEEEEING.
 30957 | D:7      | 30957 ||| FLEEEEING.
 30991 | D:7      | 30991 ||| FLEEEEING.
 31005 | D:7      | 31005 ||| FLEEEEING.
 31036 | D:7      | 31036 ||| FLEEEEING.
 31071 | D:7      | 31071 ||| FLEEEEING.
 31099 | D:7      | 31099 ||| FLEEEEING.
 31138 | D:7      | 31138 ||| FLEEEEING.
 31152 | D:7      | 31152 ||| FLEEEEING.
 31175 | D:7      | 31175 ||| FLEEEEING.
 31176 | D:7      | 31176 ||| FLEEEEING.
 31220 | D:7      | 31220 ||| FLEEEEING.
 31239 | D:7      | 31239 ||| FLEEEEING.
 31270 | D:7      | 31270 ||| FLEEEEING.
 31280 | D:7      | 31280 ||| FLEEEEING.
 31323 | D:7      | 31323 ||| FLEEEEING.
 31334 | D:7      | 31334 ||| FLEEEEING.
 31362 | D:7      | 31362 ||| FLEEEEING.
 31398 | D:7      | 31398 ||| FLEEEEING.
 31408 | D:7      | 31408 ||| FLEEEEING.
 31435 | D:7      | 31435 ||| FLEEEEING.
 31454 | D:7      | 31454 ||| FLEEEEING.
 31465 | D:7      | 31465 ||| FLEEEEING.
 31494 | D:7      | 31494 ||| FLEEEEING.
 31511 | D:7      | 31511 ||| FLEEEEING.
 31528 | D:7      | 31528 ||| FLEEEEING.
 31563 | D:7      | 31563 ||| FLEEEEING.
 31592 | D:7      | 31592 ||| FLEEEEING.
 31624 | D:7      | 31624 ||| FLEEEEING.
 31652 | D:7      | 31652 ||| FLEEEEING.
 31688 | D:7      | 31688 ||| FLEEEEING.
 31726 | D:7      | 31726 ||| FLEEEEING.
 31743 | D:7      | 31743 ||| FLEEEEING.
 31780 | D:7      | 31780 ||| FLEEEEING.
 31791 | D:7      | 31791 ||| FLEEEEING.
 31804 | D:7      | 31804 ||| FLEEEEING.
 31816 | D:7      | 31816 ||| FLEEEEING.
 31828 | D:7      | 31828 ||| FLEEEEING.
 31864 | D:7      | 31864 ||| FLEEEEING.
 31878 | D:7      | 31878 ||| FLEEEEING.
 31890 | D:7      | 31890 ||| FLEEEEING.
 31924 | D:7      | 31924 ||| FLEEEEING.
 31946 | D:7      | 31946 ||| FLEEEEING.
 31971 | D:7      | 31971 ||| FLEEEEING.
 31986 | D:7      | 31986 ||| Stepping ~*~*~tactically~*~*~ (stealth).
 31995 | D:7      | 31995 ||| FLEEEEING.
 32039 | D:7      | 32039 ||| FLEEEEING.
 32057 | D:7      | 32057 ||| FLEEEEING.
 32070 | D:7      | 32070 ||| FLEEEEING.
 32082 | D:7      | 32082 ||| FLEEEEING.
 32097 | D:7      | 32097 ||| FLEEEEING.
 32113 | D:7      | 32113 ||| FLEEEEING.
 32147 | D:7      | 32147 ||| FLEEEEING.
 32164 | D:7      | Glimpsed the power of Zot.
 32183 | D:7      | 32183 ||| FLEEEEING.
 32196 | D:7      | 32196 ||| FLEEEEING.
 32210 | D:7      | 32210 ||| FLEEEEING.
 32256 | D:7      | 32256 ||| FLEEEEING.
 32293 | D:7      | 32293 ||| FLEEEEING.
 32312 | D:7      | 32312 ||| FLEEEEING.
 32349 | D:7      | 32349 ||| FLEEEEING.
 32368 | D:7      | 32368 ||| FLEEEEING.
 32407 | D:7      | 32407 ||| FLEEEEING.
 32437 | D:7      | 32437 ||| FLEEEEING.
 32451 | D:7      | 32451 ||| FLEEEEING.
 32485 | D:7      | 32485 ||| FLEEEEING.
 32498 | D:7      | 32498 ||| FLEEEEING.
 32527 | D:7      | 32527 ||| FLEEEEING.
 32548 | D:7      | 32548 ||| FLEEEEING.
 32559 | D:7      | 32559 ||| FLEEEEING.
 32578 | D:7      | 32578 ||| FLEEEEING.
 32597 | D:7      | 32597 ||| FLEEEEING.
 32607 | D:7      | 32607 ||| FLEEEEING.
 32625 | D:7      | 32625 ||| FLEEEEING.
 32638 | D:7      | 32638 ||| FLEEEEING.
 32656 | D:7      | 32656 ||| FLEEEEING.
 32664 | D:7      | Glimpsed the power of Zot.
 32695 | D:7      | 32695 ||| FLEEEEING.
 32717 | D:7      | 32717 ||| FLEEEEING.
 32729 | D:7      | 32729 ||| FLEEEEING.
 32743 | D:7      | 32743 ||| FLEEEEING.
 32756 | D:7      | 32756 ||| FLEEEEING.
 32778 | D:7      | 32778 ||| FLEEEEING.
 32816 | D:7      | 32816 ||| FLEEEEING.
 32872 | D:7      | 32872 ||| FLEEEEING.
 32889 | D:7      | 32889 ||| FLEEEEING.
 32904 | D:7      | 32904 ||| FLEEEEING.
 32928 | D:7      | 32928 ||| FLEEEEING.
 32971 | D:7      | 32971 ||| FLEEEEING.
 32994 | D:7      | 32994 ||| FLEEEEING.
 33010 | D:7      | 33010 ||| FLEEEEING.
 33030 | D:7      | 33030 ||| FLEEEEING.
 33064 | D:7      | Glimpsed the power of Zot.
 33076 | D:7      | 33076 ||| FLEEEEING.
 33092 | D:7      | 33092 ||| FLEEEEING.
 33130 | D:7      | 33130 ||| FLEEEEING.
 33164 | D:7      | Touched by the power of Zot.
 33165 | D:7      | 33165 ||| FLEEEEING.
 33165 | D:7      | Glimpsed the power of Zot.
 33173 | D:7      | 33173 ||| FLEEEEING.
 33181 | D:7      | 33181 ||| FLEEEEING.
 33195 | D:7      | 33195 ||| FLEEEEING.
 33196 | D:7      | 33196 ||| FLEEEEING.
 33220 | D:7      | 33220 ||| FLEEEEING.
 33221 | D:7      | 33221 ||| FLEEEEING.
 33248 | D:7      | 33248 ||| FLEEEEING.
 33293 | D:7      | 33293 ||| FLEEEEING.
 33311 | D:7      | 33311 ||| FLEEEEING.
 33320 | D:7      | 33320 ||| FLEEEEING.
 33354 | D:7      | 33354 ||| FLEEEEING.
 33385 | D:7      | 33385 ||| FLEEEEING.
 33396 | D:7      | 33396 ||| FLEEEEING.
 33405 | D:7      | 33405 ||| FLEEEEING.
 33415 | D:7      | 33415 ||| FLEEEEING.
 33446 | D:7      | 33446 ||| FLEEEEING.
 33473 | D:7      | 33473 ||| FLEEEEING.
 33496 | D:7      | 33496 ||| FLEEEEING.
 33507 | D:7      | 33507 ||| FLEEEEING.
 33524 | D:7      | 33524 ||| FLEEEEING.
 33542 | D:7      | 33542 ||| FLEEEEING.
 33570 | D:7      | 33570 ||| FLEEEEING.
 33602 | D:7      | 33602 ||| FLEEEEING.
 33633 | D:7      | 33633 ||| FLEEEEING.
 33653 | D:7      | 33653 ||| FLEEEEING.
 33665 | D:7      | Glimpsed the power of Zot.
 33672 | D:7      | 33672 ||| FLEEEEING.
 33688 | D:7      | 33688 ||| FLEEEEING.
 33701 | D:7      | 33701 ||| FLEEEEING.
 33730 | D:7      | 33730 ||| FLEEEEING.
 33767 | D:7      | 33767 ||| FLEEEEING.
 33782 | D:7      | 33782 ||| FLEEEEING.
 33810 | D:7      | 33810 ||| FLEEEEING.
 33818 | D:7      | 33818 ||| FLEEEEING.
 33837 | D:7      | 33837 ||| FLEEEEING.
 33848 | D:7      | HP: 12/51 [centaur/arrow (4)]
 33849 | D:7      | 33849 ||| FLEEEEING.
 33901 | D:7      | 33901 ||| FLEEEEING.
 33913 | D:7      | 33913 ||| FLEEEEING.
 33920 | D:7      | 33920 ||| FLEEEEING.
 33968 | D:7      | 33968 ||| FLEEEEING.
 33986 | D:7      | 33986 ||| FLEEEEING.
 34031 | D:7      | 34031 ||| FLEEEEING.
 34061 | D:7      | 34061 ||| FLEEEEING.
 34065 | D:7      | Glimpsed the power of Zot.
 34080 | D:7      | 34080 ||| FLEEEEING.
 34092 | D:7      | 34092 ||| FLEEEEING.
 34119 | D:7      | 34119 ||| FLEEEEING.
 34128 | D:7      | 34128 ||| FLEEEEING.
 34135 | D:7      | 34135 ||| FLEEEEING.
 34163 | D:7      | 34163 ||| FLEEEEING.
 34164 | D:7      | Touched by the power of Zot.
 34165 | D:7      | Glimpsed the power of Zot.
 34166 | D:7      | 34166 ||| FLEEEEING.
 34185 | D:7      | Shot with an arrow by a centaur

Levels and vault maps discovered:
D:1:      evilmike_arrival_crescent, layout_basic,
          hellmonk_ecumenical_altar_run_dry, serial_shops, shop,
          nicolae_shop_stone, nicolae_shop_trees, shop, shop,
          hangedman_decor_points
D:2:      layout_basic
D:3:      minmay_razor_zed, layout_rooms, gup_sewer_entry_bowl,
          serial_bayou_pond_d, grunt_ministairs_6, minmay_gold_behind_fungi,
          interstate_on_off, hex_intersection, uniq_grinder, uniq_jessica,
          uniq_ijyb
D:4:      minmay_polygon_palace, layout_basic, gammafunk_ghost_split,
          serial_shops, nicolae_take_the_stairs
D:5:      layout_rooms, minmay_temple_entry_hall, nicolae_underground_beach
D:6:      layout_basic, uniq_pikel
D:7:      layout_loops_ring, amcnicky_altar_gilded, serial_shops, shop,
          centaur_isle

Skill      XL: |  1  2  3  4  5  6  7  8  9 |
---------------+----------------------------+-----
Axes           | 4 5 6 7 8 9 10 12 13 | 13.0
Fighting       | 4 5 6 8 |  8.5
Armour         | 3 4 |  4.3
Throwing       | 1 2 |  2.0
Dodging        | 3 |  3.3

Action                   |  1- 3 |  4- 6 |  7- 9 || total
-------------------------+-------+-------+-------++-------
Melee: Hand axe          |    48 |       |       ||    48
       Headbutt          |     9 |     9 |    37 ||    55
       War axe           |    31 |    79 |   178 ||   288
       Punch             |       |       |     2 ||     2
Throw: Boomerang         |       |       |    14 ||    14
       Javelin           |       |       |     8 ||     8
Invok: Berserk           |     1 |     4 |     7 ||    12
       Trog's Hand       |       |     1 |       ||     1
  Use: Scroll            |     4 |     4 |     8 ||    16
       Potion            |     2 |       |     2 ||     4
Armor: Animal skin       |    10 |       |       ||    10
       Ring mail         |     2 |     8 |       ||    10
       Scale mail        |       |     5 |    31 ||    36
       Chain mail        |       |       |   759 ||   759
Dodge: Dodged            |    37 |    35 |  2093 ||  2165

Table legend:
 A = Non-vault XP
 B = Vault XP
 C = Vault XP percentage of total XP
 D = Non-vault monster count
 E = Vault monster count
 F = Vault count percentage of total count
                 A         B        C        D         E       F
            +---------+---------+-------+---------+---------+-------
      Total |    2926 |    1239 |  29.7 |     130 |      38 |  22.6
            +---------+---------+-------+---------+---------+-------
        D:1 |      47 |       0 |   0.0 |      22 |       0 |   0.0
        D:2 |      32 |       0 |   0.0 |      12 |       0 |   0.0
        D:3 |     254 |     378 |  59.8 |      24 |      20 |  45.5
        D:4 |     176 |     188 |  51.6 |      18 |      17 |  48.6
        D:5 |     506 |       0 |   0.0 |      16 |       0 |   0.0
        D:6 |    1239 |     673 |  35.2 |      28 |       1 |   3.4
        D:7 |     672 |       0 |   0.0 |      10 |       0 |   0.0
            +---------+---------+-------+---------+---------+-------
